Workbook
Name NewMatrix4: Model!$K$3:$AH$22

Sheet Input Sheet
B4: Store Lamb Finishing Calculator
C6: Farmer's name:________________________ | F6: Advisor's name:_________________________
C7: Address:_________________________________ | F7: Contact details:_________________________
C9: Inputs | F9: Outputs
C10: Date of purchase (dd/mm/yy) | D10: 46266 | F10: Date of sale | G10: =Model!B28 -> 46371
C11: Purchase weight (KG) | D11: 30 | F11: Days on farm | G11: =Model!B31 -> 105
C12: Purchase price (€) | D12: 120 | F12: Days on grass alone | G12: =Model!B32 -> 61
C13: Meal feeding at grass date (dd/mm/yy) | D13: 46327 | F13: Gain at grass (KG) | G13: =Model!B78 -> 6.55
C14: Housing date (dd/mm/yy) | D14: 46346 | F14: Days creep feeding | G14: =Model!B33 -> 19
C15: Concentrate Price (€/ T) | D15: 400 | F15: Gain on creep (KG) | G15: =Model!B79 -> 2.285
C16: Veterinary costs (€/lamb) | D16: 3.2 | F16: Weight at housing (KG) | G16: =IF(D14=0,0,HLOOKUP(D14,Model!$B$57:$KS$64,8,FALSE)) -> 38.835
C17: Transport costs (€/lamb) | D17: 2 | F17: Days fed concentrate only | G17: =IF(D14>0,Model!B28-Model!B27,0) -> 25
C18: Other costs (€/lamb) | D18: 2 | F18: Gain on all concentrate diet (KG) | G18: =Model!B80 -> 9
C19: Interest rate (%) | D19: 0 | F19: Concentrate required /lamb (KG) | G19: =Model!B10 -> 35.3
C20: Mortality (%) | D20: 3 | F20: Concentrate required /lamb (€) | G20: =(D15/1000)*G19 -> 14.12
C21: Gender | D21: Ram | F21: Final Lamb live weight (KG) | G21: =D11+G13+G15+G18 -> 47.835
C22: Breed | D22: Crossbred | F22: Carcass weight (KG) | G22: =D24 -> 21.5
C23: Grass Quality | D23: Good | F23: Lamb price (€/KG) | G23: ='Input Sheet'!D25 -> 7.8
C24: Target carcass weight (KG) | D24: 21.5 | F24: Value of Carcass (€) | G24: =(G23*G22)-Model!B21 -> 166.38
C25: Predicted carcass Price €/KG | D25: 7.8 | F25: Expenses | G25: =SUM(Model!B3,Model!B13,Model!B14,Model!B15,Model!B16,Model!B17,Model!B18,Model!B19,Model!B20) -> 154.1098
C26: Projected carcass price €/kG (Historical) | D26: =HLOOKUP(Model!B29,Model!D77:O78,2,FALSE) -> 7.78664 | F26: Margin (€) | G26: =G24-G25 -> 12.2702
F28: Break-even carcass price (€/KG) | G28: =D25-(G26/G22) -> 7.229293
F29: Break-even purchase price | G29: =D12+G26 -> 132.2702
F30: Break-even purchase price (€/KG) | G30: =G29/D11 -> 4.4090067
C32: Disclaimer: This information provided is based on the information supplied by a client and on predicted animal performance in flocks exercising high levels of animal management.
C33: Teagasc or its agents cannot be held responsible for losses incurred as a result of following the guidelines set out in this Store Lamb Finishing Calculator.
C35: For any queries please contact: Alan Bohan - alan.bohan@teagasc.ie

Sheet Model
A1: Starting Livewight | B1: ='Input Sheet'!D11 -> 30 | C1: 28 | D1: =C1*100 -> 2800
A2: Projected Initial Carcass wt | B2: =B1*0.39 -> 11.7 | C2: 10.92 | D2: =C2*100 -> 1092
A3: Purchase Price | B3: ='Input Sheet'!D12 -> 120
A4: Final Live weight | B4: =B5/(B6/100) -> 47.777778
A5: Target carcass weight (KG) | B5: ='Input Sheet'!D24 -> 21.5
A6: Predicted kill out % | B6: =IF(AND('Input Sheet'!D21="Ram",'Input Sheet'!D22="Crossbred"),Model!B96,IF(AND('Input Sheet'!D21="Ram",'Input Sheet'!D22="Mountain"),Model!C96,IF(AND('Input Sheet'!D21="Wether",'Input Sheet'!D22="Crossbred"),Model!D96,IF(AND('Input Sheet'!D21="Wether",'Input Sheet'!D22="Mountain"),Model!E96,IF(AND('Input Sheet'!D21="Ewe",'Input Sheet'!D22="Crossbred"),Model!F96,IF(AND('Input Sheet'!D21="Ewe",'Input Sheet'!D22="Mountain"),Model!G96)))))) -> 45
A7: Final Carcass weight | B7: =B5 -> 21.5
A8: Live weight Gain (KG) | B8: =B4-B1 -> 17.777778
A9: FCE CONCENTRATE | B9: =IF(AND('Input Sheet'!D21="Ram",'Input Sheet'!D22="Crossbred"),Model!B95,IF(AND('Input Sheet'!D21="Ram",'Input Sheet'!D22="Mountain"),Model!C95,IF(AND('Input Sheet'!D21="Wether",'Input Sheet'!D22="Crossbred"),Model!D95,IF(AND('Input Sheet'!D21="Wether",'Input Sheet'!D22="Mountain"),Model!E95,IF(AND('Input Sheet'!D21="Ewe",'Input Sheet'!D22="Crossbred"),Model!F95,IF(AND('Input Sheet'!D21="Ewe",'Input Sheet'!D22="Mountain"),Model!G95)))))) -> 4.73
A10: Meal required (kg) | B10: =B92 -> 35.3
A11: Meal Price / tonne | B11: ='Input Sheet'!D15 -> 400
A12: Grass required (kg/DM) | B12: =(1.5*B32)+(1*B33) -> 110.5
A13: Interest cost | B13: =(((B3*('Input Sheet'!D19/100)*B31))/365)+((B14*('Input Sheet'!D19/100)*B31)/365)+(((SUM(B15,B16,B17,B18,B20))*('Input Sheet'!D19/100)*B31)/365) -> 0
A14: Concentrate cost (€) | B14: =(B11*B10)/1000 -> 14.12
A15: Silage/roughage cost (€) | B15: =(0.01*(B34-7))+0.4 -> 0.58
A16: Grass cost (€) | B16: =B12*(76/1000) -> 8.398
A17: Transport cost (€) | B17: ='Input Sheet'!D17 -> 2
A18: Veterinary cost (€) | B18: ='Input Sheet'!D16 -> 3.2
A19: Mortality cost (€) | B19: =(('Input Sheet'!D20/100)*(B14/2))+(B3*('Input Sheet'!D20/100)) -> 3.8118
A20: Other costs | B20: ='Input Sheet'!D18 -> 2
A21: Factory Deductions | B21: 1.32
A23: Date of purchase | B23: ='Input Sheet'!D10 -> 46266
A24: Does the lamb get creep | B24: =IF('Input Sheet'!D13>0,"Yes","No") -> Yes
A25: Date of grass and creep feeding | B25: =IF(B24="No","Not fed creep",'Input Sheet'!D13) -> 46327
A26: Is the lamb housed for finishing | B26: =IF('Input Sheet'!D14>0,"Yes","No") -> Yes
A27: Date of concentrate feeding | B27: ='Input Sheet'!D14 -> 46346
A28: Date of sale | B28: =B77 -> 46371
A29: Month of sale | B29: =TEXT(B28,"MMMM") -> December
A31: No days on farm | B31: =SUM(B58:KS58) -> 105 | D31: Start of GR
A32: No days at grass alone | B32: =SUM(B59:KS59) -> 61 | C32: =B32/B31 -> 0.58095238 | D32: ='Input Sheet'!D10+7 -> 46273
A33: No days at grass & creep | B33: =SUM(B60:KS60) -> 19 | C33: =B33/B31 -> 0.18095238 | D33: =IF(B24="Yes",'Input Sheet'!D13+3,"NA") -> 46330
A34: No days eating concentrate | B34: =SUM(B61:KS61) -> 25 | C34: =B34/B31 -> 0.23809524 | D34: =B27+3 -> 46349
A36: Year | B36: =YEAR('Input Sheet'!D10) -> 2026
A37: ADG Variable (g/DAY) | B37: =DATE(B36,8,1) -> 46235 | C37: =B37+1 -> 46236 | D37: =C37+1 -> 46237 | E37: =D37+1 -> 46238 | F37: =E37+1 -> 46239 | G37: =F37+1 -> 46240 | H37: =G37+1 -> 46241 | I37: =H37+1 -> 46242 | J37: =I37+1 -> 46243 | ... SY37: =SX37+1 -> 46752
A38: Grass (Texel Ram) | B38: =IF('Input Sheet'!$D$23="Good",150,IF('Input Sheet'!$D$23="Average",100,IF('Input Sheet'!$D$23="Poor",75))) -> 150 | C38: =B38 -> 150 | D38: =C38 -> 150 | E38: =D38 -> 150 | F38: =E38 -> 150 | G38: =F38 -> 150 | H38: =G38 -> 150 | I38: =H38 -> 150 | J38: =I38 -> 150 | ... AF38: =AE38 -> 150 | AG38: =IF('Input Sheet'!$D$23="Good",150,IF('Input Sheet'!$D$23="Average",100,IF('Input Sheet'!$D$23="Poor",75))) -> 150 | AH38: =AG38 -> 150 | AI38: =AH38 -> 150 | AJ38: =AI38 -> 150 | AK38: =AJ38 -> 150 | AL38: =AK38 -> 150 | AM38: =AL38 -> 150 | AN38: =AM38 -> 150 | AO38: =AN38 -> 150 | ... BJ38: =BI38 -> 150 | BK38: =IF('Input Sheet'!$D$23="Good",100,IF('Input Sheet'!$D$23="Average",70,IF('Input Sheet'!$D$23="Poor",55))) -> 100 | BL38: =BK38 -> 100 | BM38: =BK38 -> 100 | BN38: =BM38 -> 100 | BO38: =BN38 -> 100 | BP38: =BO38 -> 100 | BQ38: =BP38 -> 100 | BR38: =BQ38 -> 100 | BS38: =BR38 -> 100 | BT38: =BS38 -> 100 | BU38: =BT38 -> 100 | ... DC38: =DB38 -> 100 | DD38: =IF('Input Sheet'!$D$23="Good",100,IF('Input Sheet'!$D$23="Average",70,IF('Input Sheet'!$D$23="Poor",55))) -> 100 | DE38: =DD38 -> 100 | DF38: =DE38 -> 100 | DG38: =DF38 -> 100 | DH38: =DG38 -> 100 | DI38: =DH38 -> 100 | DJ38: =DI38 -> 100 | DK38: =DJ38 -> 100 | DL38: =DK38 -> 100 | ... DS38: =DR38 -> 100 | DT38: =IF('Input Sheet'!$D$23="Good",100,IF('Input Sheet'!$D$23="Average",70,IF('Input Sheet'!$D$23="Poor",55))) -> 100 | DU38: =DT38 -> 100 | DV38: =DT38 -> 100 | DW38: =DV38 -> 100 | DX38: =DW38 -> 100 | DY38: =DX38 -> 100 | DZ38: =DY38 -> 100 | EA38: =DZ38 -> 100 | EB38: =EA38 -> 100 | EC38: =EB38 -> 100 | ED38: =EC38 -> 100 | ... EX38: =EW38 -> 100 | EY38: =IF('Input Sheet'!$D$23="Good",100,IF('Input Sheet'!$D$23="Average",70,IF('Input Sheet'!$D$23="Poor",55))) -> 100 | EZ38: =EY38 -> 100 | FA38: =EY38 -> 100 | FB38: =FA38 -> 100 | FC38: =FB38 -> 100 | FD38: =FC38 -> 100 | FE38: =FD38 -> 100 | FF38: =FE38 -> 100 | FG38: =FF38 -> 100 | FH38: =FG38 -> 100 | FI38: =FH38 -> 100 | ... GC38: =GB38 -> 100 | GD38: =IF('Input Sheet'!$D$23="Good",100,IF('Input Sheet'!$D$23="Average",70,IF('Input Sheet'!$D$23="Poor",55))) -> 100 | GE38: =GD38 -> 100 | GF38: =GE38 -> 100 | GG38: =GF38 -> 100 | GH38: =GG38 -> 100 | GI38: =GH38 -> 100 | GJ38: =GI38 -> 100 | GK38: =GJ38 -> 100 | GL38: =GK38 -> 100 | ... HF38: =HE38 -> 100 | HG38: =IF('Input Sheet'!$D$23="Good",250,IF('Input Sheet'!$D$23="Average",175,IF('Input Sheet'!$D$23="Poor",135))) -> 250 | HH38: =HG38 -> 250 | HI38: =HH38 -> 250 | HJ38: =HI38 -> 250 | HK38: =HJ38 -> 250 | HL38: =HK38 -> 250 | HM38: =HL38 -> 250 | HN38: =HM38 -> 250 | HO38: =HN38 -> 250 | ... IK38: =IJ38 -> 250 | IL38: =IF('Input Sheet'!$D$23="Good",250,IF('Input Sheet'!$D$23="Average",175,IF('Input Sheet'!$D$23="Poor",135))) -> 250 | IM38: =IL38 -> 250 | IN38: =IM38 -> 250 | IO38: =IN38 -> 250 | IP38: =IO38 -> 250 | IQ38: =IP38 -> 250 | IR38: =IQ38 -> 250 | IS38: =IR38 -> 250 | IT38: =IS38 -> 250 | ... JO38: =JN38 -> 250 | JP38: =IF('Input Sheet'!$D$23="Good",250,IF('Input Sheet'!$D$23="Average",175,IF('Input Sheet'!$D$23="Poor",135))) -> 250 | JQ38: =JP38 -> 250 | JR38: =JQ38 -> 250 | JS38: =JR38 -> 250 | JT38: =JS38 -> 250 | JU38: =JT38 -> 250 | JV38: =JU38 -> 250 | JW38: =JV38 -> 250 | JX38: =JW38 -> 250 | ... SY38: =SX38 -> 250
A39: Grass (Scotchl Ram) | B39: =IF('Input Sheet'!$D$23="Good",115,IF('Input Sheet'!$D$23="Average",90,IF('Input Sheet'!$D$23="Poor",55))) -> 115 | C39: =B39 -> 115 | D39: =C39 -> 115 | E39: =D39 -> 115 | F39: =E39 -> 115 | G39: =F39 -> 115 | H39: =G39 -> 115 | I39: =H39 -> 115 | J39: =I39 -> 115 | ... AF39: =AE39 -> 115 | AG39: =IF('Input Sheet'!$D$23="Good",115,IF('Input Sheet'!$D$23="Average",90,IF('Input Sheet'!$D$23="Poor",55))) -> 115 | AH39: =AG39 -> 115 | AI39: =AH39 -> 115 | AJ39: =AI39 -> 115 | AK39: =AJ39 -> 115 | AL39: =AK39 -> 115 | AM39: =AL39 -> 115 | AN39: =AM39 -> 115 | AO39: =AN39 -> 115 | ... BJ39: =BI39 -> 115 | BK39: =IF('Input Sheet'!$D$23="Good",80,IF('Input Sheet'!$D$23="Average",60,IF('Input Sheet'!$D$23="Poor",40))) -> 80 | BL39: =BK39 -> 80 | BM39: =BK39 -> 80 | BN39: =BM39 -> 80 | BO39: =BN39 -> 80 | BP39: =BO39 -> 80 | BQ39: =BP39 -> 80 | BR39: =BQ39 -> 80 | BS39: =BR39 -> 80 | BT39: =BS39 -> 80 | BU39: =BT39 -> 80 | ... DC39: =DB39 -> 80 | DD39: =IF('Input Sheet'!$D$23="Good",80,IF('Input Sheet'!$D$23="Average",60,IF('Input Sheet'!$D$23="Poor",40))) -> 80 | DE39: =DD39 -> 80 | DF39: =DE39 -> 80 | DG39: =DF39 -> 80 | DH39: =DG39 -> 80 | DI39: =DH39 -> 80 | DJ39: =DI39 -> 80 | DK39: =DJ39 -> 80 | DL39: =DK39 -> 80 | ... DS39: =DR39 -> 80 | DT39: =IF('Input Sheet'!$D$23="Good",80,IF('Input Sheet'!$D$23="Average",60,IF('Input Sheet'!$D$23="Poor",40))) -> 80 | DU39: =DT39 -> 80 | DV39: =DT39 -> 80 | DW39: =DV39 -> 80 | DX39: =DW39 -> 80 | DY39: =DX39 -> 80 | DZ39: =DY39 -> 80 | EA39: =DZ39 -> 80 | EB39: =EA39 -> 80 | EC39: =EB39 -> 80 | ED39: =EC39 -> 80 | ... EX39: =EW39 -> 80 | EY39: =EY38*0.8 -> 80 | EZ39: =EY39 -> 80 | FA39: =EY39 -> 80 | FB39: =FA39 -> 80 | FC39: =FB39 -> 80 | FD39: =FC39 -> 80 | FE39: =FD39 -> 80 | FF39: =FE39 -> 80 | FG39: =FF39 -> 80 | FH39: =FG39 -> 80 | FI39: =FH39 -> 80 | ... GC39: =GB39 -> 80 | GD39: =GD38*0.8 -> 80 | GE39: =GD39 -> 80 | GF39: =GE39 -> 80 | GG39: =GF39 -> 80 | GH39: =GG39 -> 80 | GI39: =GH39 -> 80 | GJ39: =GI39 -> 80 | GK39: =GJ39 -> 80 | GL39: =GK39 -> 80 | ... HF39: =HE39 -> 80 | HG39: =HG38*0.8 -> 200 | HH39: =HH38*0.8 -> 200 | HI39: =HI38*0.8 -> 200 | HJ39: =HJ38*0.8 -> 200 | HK39: =HK38*0.8 -> 200 | HL39: =HL38*0.8 -> 200 | HM39: =HM38*0.8 -> 200 | HN39: =HN38*0.8 -> 200 | ... SY39: =SY38*0.8 -> 200
A40: Grass (Texel Wether) | B40: =B38*0.9 -> 135 | C40: =B40 -> 135 | D40: =C40 -> 135 | E40: =D40 -> 135 | F40: =E40 -> 135 | G40: =F40 -> 135 | H40: =G40 -> 135 | I40: =H40 -> 135 | J40: =I40 -> 135 | ... AF40: =AE40 -> 135 | AG40: =AG38*0.95 -> 142.5 | AH40: =AG40 -> 142.5 | AI40: =AH40 -> 142.5 | AJ40: =AI40 -> 142.5 | AK40: =AJ40 -> 142.5 | AL40: =AK40 -> 142.5 | AM40: =AL40 -> 142.5 | AN40: =AM40 -> 142.5 | AO40: =AN40 -> 142.5 | ... BJ40: =BI40 -> 142.5 | BK40: =BK38*0.95 -> 95 | BL40: =BK40 -> 95 | BM40: =BK40 -> 95 | BN40: =BM40 -> 95 | BO40: =BN40 -> 95 | BP40: =BO40 -> 95 | BQ40: =BP40 -> 95 | BR40: =BQ40 -> 95 | BS40: =BR40 -> 95 | BT40: =BS40 -> 95 | BU40: =BT40 -> 95 | ... DC40: =DB40 -> 95 | DD40: =DD38*0.95 -> 95 | DE40: =DD40 -> 95 | DF40: =DE40 -> 95 | DG40: =DF40 -> 95 | DH40: =DG40 -> 95 | DI40: =DH40 -> 95 | DJ40: =DI40 -> 95 | DK40: =DJ40 -> 95 | DL40: =DK40 -> 95 | ... DS40: =DR40 -> 95 | DT40: =DT38*0.95 -> 95 | DU40: =DT40 -> 95 | DV40: =DT40 -> 95 | DW40: =DV40 -> 95 | DX40: =DW40 -> 95 | DY40: =DX40 -> 95 | DZ40: =DY40 -> 95 | EA40: =DZ40 -> 95 | EB40: =EA40 -> 95 | EC40: =EB40 -> 95 | ED40: =EC40 -> 95 | ... EX40: =EW40 -> 95 | EY40: =EY38*0.95 -> 95 | EZ40: =EY40 -> 95 | FA40: =EY40 -> 95 | FB40: =FA40 -> 95 | FC40: =FB40 -> 95 | FD40: =FC40 -> 95 | FE40: =FD40 -> 95 | FF40: =FE40 -> 95 | FG40: =FF40 -> 95 | FH40: =FG40 -> 95 | FI40: =FH40 -> 95 | ... GC40: =GB40 -> 95 | GD40: =GD38*0.95 -> 95 | GE40: =GD40 -> 95 | GF40: =GE40 -> 95 | GG40: =GF40 -> 95 | GH40: =GG40 -> 95 | GI40: =GH40 -> 95 | GJ40: =GI40 -> 95 | GK40: =GJ40 -> 95 | GL40: =GK40 -> 95 | ... HE40: =HD40 -> 95 | HF40: =HF38*0.95 -> 95 | HG40: =HG38*0.95 -> 237.5 | HH40: =HG40 -> 237.5 | HI40: =HH40 -> 237.5 | HJ40: =HI40 -> 237.5 | HK40: =HJ40 -> 237.5 | HL40: =HK40 -> 237.5 | HM40: =HL40 -> 237.5 | HN40: =HM40 -> 237.5 | HO40: =HN40 -> 237.5 | ... IK40: =IJ40 -> 237.5 | IL40: =IL38*0.95 -> 237.5 | IM40: =IL40 -> 237.5 | IN40: =IM40 -> 237.5 | IO40: =IN40 -> 237.5 | IP40: =IO40 -> 237.5 | IQ40: =IP40 -> 237.5 | IR40: =IQ40 -> 237.5 | IS40: =IR40 -> 237.5 | IT40: =IS40 -> 237.5 | ... JO40: =JN40 -> 237.5 | JP40: =JP38*0.95 -> 237.5 | JQ40: =JP40 -> 237.5 | JR40: =JQ40 -> 237.5 | JS40: =JR40 -> 237.5 | JT40: =JS40 -> 237.5 | JU40: =JT40 -> 237.5 | JV40: =JU40 -> 237.5 | JW40: =JV40 -> 237.5 | JX40: =JW40 -> 237.5 | ... SY40: =SX40 -> 237.5
A41: Grass (Scotch Wether) | B41: =B39*0.9 -> 103.5 | C41: =C39*0.9 -> 103.5 | D41: =D39*0.9 -> 103.5 | E41: =E39*0.9 -> 103.5 | F41: =F39*0.9 -> 103.5 | G41: =G39*0.9 -> 103.5 | H41: =H39*0.9 -> 103.5 | I41: =I39*0.9 -> 103.5 | ... SY41: =SY39*0.9 -> 180
A42: Grass (Texel Ewe) | B42: =B38*0.9 -> 135 | C42: =B42 -> 135 | D42: =C42 -> 135 | E42: =D42 -> 135 | F42: =E42 -> 135 | G42: =F42 -> 135 | H42: =G42 -> 135 | I42: =H42 -> 135 | J42: =I42 -> 135 | ... AF42: =AE42 -> 135 | AG42: =AG38*0.9 -> 135 | AH42: =AG42 -> 135 | AI42: =AH42 -> 135 | AJ42: =AI42 -> 135 | AK42: =AJ42 -> 135 | AL42: =AK42 -> 135 | AM42: =AL42 -> 135 | AN42: =AM42 -> 135 | AO42: =AN42 -> 135 | ... BJ42: =BI42 -> 135 | BK42: =BK38*0.9 -> 90 | BL42: =BK42 -> 90 | BM42: =BK42 -> 90 | BN42: =BM42 -> 90 | BO42: =BN42 -> 90 | BP42: =BO42 -> 90 | BQ42: =BP42 -> 90 | BR42: =BQ42 -> 90 | BS42: =BR42 -> 90 | BT42: =BS42 -> 90 | BU42: =BT42 -> 90 | ... DC42: =DB42 -> 90 | DD42: =DD38*0.9 -> 90 | DE42: =DD42 -> 90 | DF42: =DE42 -> 90 | DG42: =DF42 -> 90 | DH42: =DG42 -> 90 | DI42: =DH42 -> 90 | DJ42: =DI42 -> 90 | DK42: =DJ42 -> 90 | DL42: =DK42 -> 90 | ... DS42: =DR42 -> 90 | DT42: =DT38*0.9 -> 90 | DU42: =DT42 -> 90 | DV42: =DT42 -> 90 | DW42: =DV42 -> 90 | DX42: =DW42 -> 90 | DY42: =DX42 -> 90 | DZ42: =DY42 -> 90 | EA42: =DZ42 -> 90 | EB42: =EA42 -> 90 | EC42: =EB42 -> 90 | ED42: =EC42 -> 90 | ... EX42: =EW42 -> 90 | EY42: =EY38*0.9 -> 90 | EZ42: =EY42 -> 90 | FA42: =EY42 -> 90 | FB42: =FA42 -> 90 | FC42: =FB42 -> 90 | FD42: =FC42 -> 90 | FE42: =FD42 -> 90 | FF42: =FE42 -> 90 | FG42: =FF42 -> 90 | FH42: =FG42 -> 90 | FI42: =FH42 -> 90 | ... GC42: =GB42 -> 90 | GD42: =GD38*0.9 -> 90 | GE42: =GD42 -> 90 | GF42: =GE42 -> 90 | GG42: =GF42 -> 90 | GH42: =GG42 -> 90 | GI42: =GH42 -> 90 | GJ42: =GI42 -> 90 | GK42: =GJ42 -> 90 | GL42: =GK42 -> 90 | ... HE42: =HD42 -> 90 | HF42: =HF38*0.9 -> 90 | HG42: =HG38*0.9 -> 225 | HH42: =HG42 -> 225 | HI42: =HH42 -> 225 | HJ42: =HI42 -> 225 | HK42: =HJ42 -> 225 | HL42: =HK42 -> 225 | HM42: =HL42 -> 225 | HN42: =HM42 -> 225 | HO42: =HN42 -> 225 | ... IK42: =IJ42 -> 225 | IL42: =IL38*0.9 -> 225 | IM42: =IL42 -> 225 | IN42: =IM42 -> 225 | IO42: =IN42 -> 225 | IP42: =IO42 -> 225 | IQ42: =IP42 -> 225 | IR42: =IQ42 -> 225 | IS42: =IR42 -> 225 | IT42: =IS42 -> 225 | ... JO42: =JN42 -> 225 | JP42: =JP38*0.9 -> 225 | JQ42: =JP42 -> 225 | JR42: =JQ42 -> 225 | JS42: =JR42 -> 225 | JT42: =JS42 -> 225 | JU42: =JT42 -> 225 | JV42: =JU42 -> 225 | JW42: =JV42 -> 225 | JX42: =JW42 -> 225 | ... SY42: =SX42 -> 225
A43: Grass (Scotch ewe) | B43: =B39*0.9 -> 103.5 | C43: =C39*0.9 -> 103.5 | D43: =D39*0.9 -> 103.5 | E43: =E39*0.9 -> 103.5 | F43: =F39*0.9 -> 103.5 | G43: =G39*0.9 -> 103.5 | H43: =H39*0.9 -> 103.5 | I43: =I39*0.9 -> 103.5 | ... SY43: =SY39*0.9 -> 180
A44: Grass and creep (Texal Ram) | B44: =B38+55 -> 205 | C44: =C38+55 -> 205 | D44: =D38+55 -> 205 | E44: =E38+55 -> 205 | F44: =F38+55 -> 205 | G44: =G38+55 -> 205 | H44: =H38+55 -> 205 | I44: =I38+55 -> 205 | ... SP44: =SP38+55 -> 305 | SQ44: =B35=SQ38+55 -> FALSE | SR44: =SR38+55 -> 305 | SS44: =SS38+55 -> 305 | ST44: =ST38+55 -> 305 | SU44: =SU38+55 -> 305 | SV44: =SV38+55 -> 305 | SW44: =SW38+55 -> 305 | SX44: =SX38+55 -> 305 | SY44: =SY38+55 -> 305
A45: Grass and creep (Scotch Ram) | B45: =B39+55 -> 170 | C45: =C39+55 -> 170 | D45: =D39+55 -> 170 | E45: =E39+55 -> 170 | F45: =F39+55 -> 170 | G45: =G39+55 -> 170 | H45: =H39+55 -> 170 | I45: =I39+55 -> 170 | ... SY45: =SY39+55 -> 255
A46: Grass and creep (Texel Weather) | B46: =B40+55 -> 190 | C46: =C40+55 -> 190 | D46: =D40+55 -> 190 | E46: =E40+55 -> 190 | F46: =F40+55 -> 190 | G46: =G40+55 -> 190 | H46: =H40+55 -> 190 | I46: =I40+55 -> 190 | ... SY46: =SY40+55 -> 292.5
A47: Grass and creep (Scotch Weather) | B47: =B41+55 -> 158.5 | C47: =C41+55 -> 158.5 | D47: =D41+55 -> 158.5 | E47: =E41+55 -> 158.5 | F47: =F41+55 -> 158.5 | G47: =G41+55 -> 158.5 | H47: =H41+55 -> 158.5 | I47: =I41+55 -> 158.5 | ... SY47: =SY41+55 -> 235
A48: Grass and creep (Texel Ewe) | B48: =B42+55 -> 190 | C48: =C42+55 -> 190 | D48: =D42+55 -> 190 | E48: =E42+55 -> 190 | F48: =F42+55 -> 190 | G48: =G42+55 -> 190 | H48: =H42+55 -> 190 | I48: =I42+55 -> 190 | ... SY48: =SY42+55 -> 280
A49: Grass and creep (Scotch ewe) | B49: =B43+55 -> 158.5 | C49: =C43+55 -> 158.5 | D49: =D43+55 -> 158.5 | E49: =E43+55 -> 158.5 | F49: =F43+55 -> 158.5 | G49: =G43+55 -> 158.5 | H49: =H43+55 -> 158.5 | I49: =I43+55 -> 158.5 | ... SY49: =SY43+55 -> 235
A50: Concentrate (Texel Ram) | B50: 360 | C50: =B50 -> 360 | D50: =C50 -> 360 | E50: =D50 -> 360 | F50: =E50 -> 360 | G50: =F50 -> 360 | H50: =G50 -> 360 | I50: =H50 -> 360 | J50: =I50 -> 360 | ... SY50: =SX50 -> 360
A51: Concentrate (Scotch Ram) | B51: 250 | C51: =B51 -> 250 | D51: =C51 -> 250 | E51: =D51 -> 250 | F51: =E51 -> 250 | G51: =F51 -> 250 | H51: =G51 -> 250 | I51: =H51 -> 250 | J51: =I51 -> 250 | ... SY51: =SX51 -> 250
A52: Concentrate ( Texel Wether) | B52: 310 | C52: =B52 -> 310 | D52: =C52 -> 310 | E52: =D52 -> 310 | F52: =E52 -> 310 | G52: =F52 -> 310 | H52: =G52 -> 310 | I52: =H52 -> 310 | J52: =I52 -> 310 | ... SY52: =SX52 -> 310
A53: Concentrate ( Scotch Wether) | B53: 210 | C53: =B53 -> 210 | D53: =C53 -> 210 | E53: =D53 -> 210 | F53: =E53 -> 210 | G53: =F53 -> 210 | H53: =G53 -> 210 | I53: =H53 -> 210 | J53: =I53 -> 210 | ... SY53: =SX53 -> 210
A54: Concentrate (Texel Ewe) | B54: 310 | C54: =B54 -> 310 | D54: =C54 -> 310 | E54: =D54 -> 310 | F54: =E54 -> 310 | G54: =F54 -> 310 | H54: =G54 -> 310 | I54: =H54 -> 310 | J54: =I54 -> 310 | ... SY54: =SX54 -> 310
A55: Concentrate (Scotch Ewe) | B55: 210 | C55: =B55 -> 210 | D55: =C55 -> 210 | E55: =D55 -> 210 | F55: =E55 -> 210 | G55: =F55 -> 210 | H55: =G55 -> 210 | I55: =H55 -> 210 | J55: =I55 -> 210 | ... SY55: =SX55 -> 210
B57: =B37 -> 46235 | C57: =C37 -> 46236 | D57: =D37 -> 46237 | E57: =E37 -> 46238 | F57: =F37 -> 46239 | G57: =G37 -> 46240 | H57: =H37 -> 46241 | I57: =I37 -> 46242 | ... SY57: =SY37 -> 46752
A58: Lamb present | B58: =IF(AND(B64<$B$75,B64>0),1,0) -> 0 | C58: =IF(AND(C64<$B$75,C64>0),1,0) -> 0 | D58: =IF(AND(D64<$B$75,D64>0),1,0) -> 0 | E58: =IF(AND(E64<$B$75,E64>0),1,0) -> 0 | F58: =IF(AND(F64<$B$75,F64>0),1,0) -> 0 | G58: =IF(AND(G64<$B$75,G64>0),1,0) -> 0 | H58: =IF(AND(H64<$B$75,H64>0),1,0) -> 0 | I58: =IF(AND(I64<$B$75,I64>0),1,0) -> 0 | ... SY58: =IF(AND(SY64<$B$75,SY64>0),1,0) -> 0
A59: Lamb on grass | B59: =IF(AND(B58=1,B60=0,B61=0),1,0) -> 0 | C59: =IF(AND(C58=1,C60=0,C61=0),1,0) -> 0 | D59: =IF(AND(D58=1,D60=0,D61=0),1,0) -> 0 | E59: =IF(AND(E58=1,E60=0,E61=0),1,0) -> 0 | F59: =IF(AND(F58=1,F60=0,F61=0),1,0) -> 0 | G59: =IF(AND(G58=1,G60=0,G61=0),1,0) -> 0 | H59: =IF(AND(H58=1,H60=0,H61=0),1,0) -> 0 | I59: =IF(AND(I58=1,I60=0,I61=0),1,0) -> 0 | ... SY59: =IF(AND(SY58=1,SY60=0,SY61=0),1,0) -> 0
A60: Lamb on grass and creep | B60: =IF(AND('Input Sheet'!$D$13>0,Model!B57>='Input Sheet'!$D$13,B58=1,B61=0),1,0) -> 0 | C60: =IF(AND('Input Sheet'!$D$13>0,Model!C57>='Input Sheet'!$D$13,C58=1,C61=0),1,0) -> 0 | D60: =IF(AND('Input Sheet'!$D$13>0,Model!D57>='Input Sheet'!$D$13,D58=1,D61=0),1,0) -> 0 | E60: =IF(AND('Input Sheet'!$D$13>0,Model!E57>='Input Sheet'!$D$13,E58=1,E61=0),1,0) -> 0 | F60: =IF(AND('Input Sheet'!$D$13>0,Model!F57>='Input Sheet'!$D$13,F58=1,F61=0),1,0) -> 0 | G60: =IF(AND('Input Sheet'!$D$13>0,Model!G57>='Input Sheet'!$D$13,G58=1,G61=0),1,0) -> 0 | H60: =IF(AND('Input Sheet'!$D$13>0,Model!H57>='Input Sheet'!$D$13,H58=1,H61=0),1,0) -> 0 | I60: =IF(AND('Input Sheet'!$D$13>0,Model!I57>='Input Sheet'!$D$13,I58=1,I61=0),1,0) -> 0 | ... SY60: =IF(AND('Input Sheet'!$D$13>0,Model!SY57>='Input Sheet'!$D$13,SY58=1,SY61=0),1,0) -> 0
A61: Lamb on concentarte only | B61: =IF(AND('Input Sheet'!$D$14>0,Model!B57>='Input Sheet'!$D$14,B58=1),1,0) -> 0 | C61: =IF(AND('Input Sheet'!$D$14>0,Model!C57>='Input Sheet'!$D$14,C58=1),1,0) -> 0 | D61: =IF(AND('Input Sheet'!$D$14>0,Model!D57>='Input Sheet'!$D$14,D58=1),1,0) -> 0 | E61: =IF(AND('Input Sheet'!$D$14>0,Model!E57>='Input Sheet'!$D$14,E58=1),1,0) -> 0 | F61: =IF(AND('Input Sheet'!$D$14>0,Model!F57>='Input Sheet'!$D$14,F58=1),1,0) -> 0 | G61: =IF(AND('Input Sheet'!$D$14>0,Model!G57>='Input Sheet'!$D$14,G58=1),1,0) -> 0 | H61: =IF(AND('Input Sheet'!$D$14>0,Model!H57>='Input Sheet'!$D$14,H58=1),1,0) -> 0 | I61: =IF(AND('Input Sheet'!$D$14>0,Model!I57>='Input Sheet'!$D$14,I58=1),1,0) -> 0 | ... SY61: =IF(AND('Input Sheet'!$D$14>0,Model!SY57>='Input Sheet'!$D$14,SY58=1),1,0) -> 0
A62: Lamb price per KG | B62: =A115 -> 7.3835093 | C62: =B62 -> 7.3835093 | D62: =C62 -> 7.3835093 | E62: =D62 -> 7.3835093 | F62: =E62 -> 7.3835093 | G62: =F62 -> 7.3835093 | H62: =G62 -> 7.3835093 | I62: =H62 -> 7.3835093 | J62: =I62 -> 7.3835093 | ... AF62: =AE62 -> 7.3835093 | AG62: =A116 -> 7.2582733 | AH62: =AG62 -> 7.2582733 | AI62: =AH62 -> 7.2582733 | AJ62: =AI62 -> 7.2582733 | AK62: =AJ62 -> 7.2582733 | AL62: =AK62 -> 7.2582733 | AM62: =AL62 -> 7.2582733 | AN62: =AM62 -> 7.2582733 | AO62: =AN62 -> 7.2582733 | ... BJ62: =BI62 -> 7.2582733 | BK62: =A117 -> 7.3194067 | BL62: =BK62 -> 7.3194067 | BM62: =BK62 -> 7.3194067 | BN62: =BM62 -> 7.3194067 | BO62: =BN62 -> 7.3194067 | BP62: =BO62 -> 7.3194067 | BQ62: =BP62 -> 7.3194067 | BR62: =BQ62 -> 7.3194067 | BS62: =BR62 -> 7.3194067 | BT62: =BS62 -> 7.3194067 | BU62: =BT62 -> 7.3194067 | ... CO62: =CN62 -> 7.3194067 | CP62: =A118 -> 7.5190507 | CQ62: =CP62 -> 7.5190507 | CR62: =CP62 -> 7.5190507 | CS62: =CR62 -> 7.5190507 | CT62: =CS62 -> 7.5190507 | CU62: =CT62 -> 7.5190507 | CV62: =CU62 -> 7.5190507 | CW62: =CV62 -> 7.5190507 | CX62: =CW62 -> 7.5190507 | CY62: =CX62 -> 7.5190507 | CZ62: =CY62 -> 7.5190507 | ... DS62: =DR62 -> 7.5190507 | DT62: =A119 -> 7.78664 | DU62: =DT62 -> 7.78664 | DV62: =DT62 -> 7.78664 | DW62: =DV62 -> 7.78664 | DX62: =DW62 -> 7.78664 | DY62: =DX62 -> 7.78664 | DZ62: =DY62 -> 7.78664 | EA62: =DZ62 -> 7.78664 | EB62: =EA62 -> 7.78664 | EC62: =EB62 -> 7.78664 | ED62: =EC62 -> 7.78664 | ... EX62: =EW62 -> 7.78664 | EY62: =A108 -> 7.668216 | EZ62: =EY62 -> 7.668216 | FA62: =EY62 -> 7.668216 | FB62: =FA62 -> 7.668216 | FC62: =FB62 -> 7.668216 | FD62: =FC62 -> 7.668216 | FE62: =FD62 -> 7.668216 | FF62: =FE62 -> 7.668216 | FG62: =FF62 -> 7.668216 | FH62: =FG62 -> 7.668216 | FI62: =FH62 -> 7.668216 | ... GC62: =GB62 -> 7.668216 | GD62: =A109 -> 7.67005 | GE62: =GD62 -> 7.67005 | GF62: =GE62 -> 7.67005 | GG62: =GF62 -> 7.67005 | GH62: =GG62 -> 7.67005 | GI62: =GH62 -> 7.67005 | GJ62: =GI62 -> 7.67005 | GK62: =GJ62 -> 7.67005 | GL62: =GK62 -> 7.67005 | ... HE62: =HD62 -> 7.67005 | HF62: =A110 -> 8.196408 | HG62: =HF62 -> 8.196408 | HH62: =HG62 -> 8.196408 | HI62: =HH62 -> 8.196408 | HJ62: =HI62 -> 8.196408 | HK62: =HJ62 -> 8.196408 | HL62: =HK62 -> 8.196408 | HM62: =HL62 -> 8.196408 | HN62: =HM62 -> 8.196408 | ... IJ62: =II62 -> 8.196408 | IK62: =A111 -> 8.93944 | IL62: =IK62 -> 8.93944 | IM62: =IL62 -> 8.93944 | IN62: =IM62 -> 8.93944 | IO62: =IN62 -> 8.93944 | IP62: =IO62 -> 8.93944 | IQ62: =IP62 -> 8.93944 | IR62: =IQ62 -> 8.93944 | IS62: =IR62 -> 8.93944 | ... JN62: =JM62 -> 8.93944 | JO62: =A112 -> 9.02066 | JP62: =JO62 -> 9.02066 | JQ62: =JP62 -> 9.02066 | JR62: =JQ62 -> 9.02066 | JS62: =JR62 -> 9.02066 | JT62: =JS62 -> 9.02066 | JU62: =JT62 -> 9.02066 | JV62: =JU62 -> 9.02066 | JW62: =JV62 -> 9.02066 | ... KS62: =KR62 -> 9.02066 | KT62: =A113 -> 8.793375 | KU62: =KT62 -> 8.793375 | KV62: =KU62 -> 8.793375 | KW62: =KV62 -> 8.793375 | KX62: =KW62 -> 8.793375 | KY62: =KX62 -> 8.793375 | KZ62: =KY62 -> 8.793375 | LA62: =KZ62 -> 8.793375 | LB62: =LA62 -> 8.793375 | ... LW62: =LV62 -> 8.793375 | LX62: =A114 -> 7.7517067 | LY62: =LX62 -> 7.7517067 | LZ62: =LY62 -> 7.7517067 | MA62: =LZ62 -> 7.7517067 | MB62: =MA62 -> 7.7517067 | MC62: =MB62 -> 7.7517067 | MD62: =MC62 -> 7.7517067 | ME62: =MD62 -> 7.7517067 | MF62: =ME62 -> 7.7517067 | ... NB62: =NA62 -> 7.7517067 | NC62: =A116 -> 7.2582733 | ND62: =NC62 -> 7.2582733 | NE62: =ND62 -> 7.2582733 | NF62: =NE62 -> 7.2582733 | NG62: =NF62 -> 7.2582733 | NH62: =NG62 -> 7.2582733 | NI62: =NH62 -> 7.2582733 | NJ62: =NI62 -> 7.2582733 | NK62: =NJ62 -> 7.2582733 | ... OG62: =OF62 -> 7.2582733 | OH62: =AG62 -> 7.2582733 | OI62: =OH62 -> 7.2582733 | OJ62: =OI62 -> 7.2582733 | OK62: =OJ62 -> 7.2582733 | OL62: =OK62 -> 7.2582733 | OM62: =OL62 -> 7.2582733 | ON62: =OM62 -> 7.2582733 | OO62: =ON62 -> 7.2582733 | OP62: =OO62 -> 7.2582733 | ... PK62: =PJ62 -> 7.2582733 | PL62: =BK62 -> 7.3194067 | PM62: =PL62 -> 7.3194067 | PN62: =PM62 -> 7.3194067 | PO62: =PN62 -> 7.3194067 | PP62: =PO62 -> 7.3194067 | PQ62: =PP62 -> 7.3194067 | PR62: =PQ62 -> 7.3194067 | PS62: =PR62 -> 7.3194067 | PT62: =PS62 -> 7.3194067 | ... QP62: =QO62 -> 7.3194067 | QQ62: =CP62 -> 7.5190507 | QR62: =QQ62 -> 7.5190507 | QS62: =QR62 -> 7.5190507 | QT62: =QS62 -> 7.5190507 | QU62: =QT62 -> 7.5190507 | QV62: =QU62 -> 7.5190507 | QW62: =QV62 -> 7.5190507 | QX62: =QW62 -> 7.5190507 | QY62: =QX62 -> 7.5190507 | ... RJ62: =RI62 -> 7.5190507 | RK62: =B62 -> 7.3835093 | RL62: =RK62 -> 7.3835093 | RM62: =RL62 -> 7.3835093 | RN62: =RM62 -> 7.3835093 | RO62: =RN62 -> 7.3835093 | RP62: =RO62 -> 7.3835093 | RQ62: =RP62 -> 7.3835093 | RR62: =RQ62 -> 7.3835093 | RS62: =RR62 -> 7.3835093 | RT62: =RS62 -> 7.3835093 | RU62: =DT62 -> 7.78664 | RV62: =RU62 -> 7.78664 | RW62: =RV62 -> 7.78664 | RX62: =RW62 -> 7.78664 | RY62: =RX62 -> 7.78664 | RZ62: =RY62 -> 7.78664 | SA62: =RZ62 -> 7.78664 | SB62: =SA62 -> 7.78664 | SC62: =SB62 -> 7.78664 | ... SY62: =SX62 -> 7.78664
A63: Lamb Growth (g/day) | B63: =SUM(B70+B69+B68) -> 0 | C63: =SUM(C70+C69+C68) -> 0 | D63: =SUM(D70+D69+D68) -> 0 | E63: =SUM(E70+E69+E68) -> 0 | F63: =SUM(F70+F69+F68) -> 0 | G63: =SUM(G70+G69+G68) -> 0 | H63: =SUM(H70+H69+H68) -> 0 | I63: =SUM(I70+I69+I68) -> 0 | ... SY63: =SUM(SY70+SY69+SY68) -> 0
A64: Lamb weight Cumiltive | B64: =IF(B37=$B$23,$B$1,0) -> 0 | C64: =IF(C37=$B$23,$B$1,B64+(B63/1000)) -> 0 | D64: =IF(D37=$B$23,$B$1,C64+(C63/1000)) -> 0 | E64: =IF(E37=$B$23,$B$1,D64+(D63/1000)) -> 0 | F64: =IF(F37=$B$23,$B$1,E64+(E63/1000)) -> 0 | G64: =IF(G37=$B$23,$B$1,F64+(F63/1000)) -> 0 | H64: =IF(H37=$B$23,$B$1,G64+(G63/1000)) -> 0 | I64: =IF(I37=$B$23,$B$1,H64+(H63/1000)) -> 0 | J64: =IF(J37=$B$23,$B$1,I64+(I63/1000)) -> 0 | ... SY64: =IF(SY37=$B$23,$B$1,SX64+(SX63/1000)) -> 47.835
A65: Possible gain on grass (g/d) | B65: =IF(AND('Input Sheet'!$D$21="Ram",'Input Sheet'!$D$22="Crossbred"),B38,IF(AND('Input Sheet'!$D$21="Ram",'Input Sheet'!$D$22="Mountain"),B39,IF(AND('Input Sheet'!$D$21="Wether",'Input Sheet'!$D$22="Crossbred"),B40,IF(AND('Input Sheet'!$D$21="Wether",'Input Sheet'!$D$22="Mountain"),B41,IF(AND('Input Sheet'!$D$21="Ewe",'Input Sheet'!$D$22="Crossbred"),B42,IF(AND('Input Sheet'!$D$21="Ewe",'Input Sheet'!$D$22="Mountain"),B43)))))) -> 150 | C65: =IF(AND('Input Sheet'!$D$21="Ram",'Input Sheet'!$D$22="Crossbred"),C38,IF(AND('Input Sheet'!$D$21="Ram",'Input Sheet'!$D$22="Mountain"),C39,IF(AND('Input Sheet'!$D$21="Wether",'Input Sheet'!$D$22="Crossbred"),C40,IF(AND('Input Sheet'!$D$21="Wether",'Input Sheet'!$D$22="Mountain"),C41,IF(AND('Input Sheet'!$D$21="Ewe",'Input Sheet'!$D$22="Crossbred"),C42,IF(AND('Input Sheet'!$D$21="Ewe",'Input Sheet'!$D$22="Mountain"),C43)))))) -> 150 | D65: =IF(AND('Input Sheet'!$D$21="Ram",'Input Sheet'!$D$22="Crossbred"),D38,IF(AND('Input Sheet'!$D$21="Ram",'Input Sheet'!$D$22="Mountain"),D39,IF(AND('Input Sheet'!$D$21="Wether",'Input Sheet'!$D$22="Crossbred"),D40,IF(AND('Input Sheet'!$D$21="Wether",'Input Sheet'!$D$22="Mountain"),D41,IF(AND('Input Sheet'!$D$21="Ewe",'Input Sheet'!$D$22="Crossbred"),D42,IF(AND('Input Sheet'!$D$21="Ewe",'Input Sheet'!$D$22="Mountain"),D43)))))) -> 150 | E65: =IF(AND('Input Sheet'!$D$21="Ram",'Input Sheet'!$D$22="Crossbred"),E38,IF(AND('Input Sheet'!$D$21="Ram",'Input Sheet'!$D$22="Mountain"),E39,IF(AND('Input Sheet'!$D$21="Wether",'Input Sheet'!$D$22="Crossbred"),E40,IF(AND('Input Sheet'!$D$21="Wether",'Input Sheet'!$D$22="Mountain"),E41,IF(AND('Input Sheet'!$D$21="Ewe",'Input Sheet'!$D$22="Crossbred"),E42,IF(AND('Input Sheet'!$D$21="Ewe",'Input Sheet'!$D$22="Mountain"),E43)))))) -> 150 | F65: =IF(AND('Input Sheet'!$D$21="Ram",'Input Sheet'!$D$22="Crossbred"),F38,IF(AND('Input Sheet'!$D$21="Ram",'Input Sheet'!$D$22="Mountain"),F39,IF(AND('Input Sheet'!$D$21="Wether",'Input Sheet'!$D$22="Crossbred"),F40,IF(AND('Input Sheet'!$D$21="Wether",'Input Sheet'!$D$22="Mountain"),F41,IF(AND('Input Sheet'!$D$21="Ewe",'Input Sheet'!$D$22="Crossbred"),F42,IF(AND('Input Sheet'!$D$21="Ewe",'Input Sheet'!$D$22="Mountain"),F43)))))) -> 150 | G65: =IF(AND('Input Sheet'!$D$21="Ram",'Input Sheet'!$D$22="Crossbred"),G38,IF(AND('Input Sheet'!$D$21="Ram",'Input Sheet'!$D$22="Mountain"),G39,IF(AND('Input Sheet'!$D$21="Wether",'Input Sheet'!$D$22="Crossbred"),G40,IF(AND('Input Sheet'!$D$21="Wether",'Input Sheet'!$D$22="Mountain"),G41,IF(AND('Input Sheet'!$D$21="Ewe",'Input Sheet'!$D$22="Crossbred"),G42,IF(AND('Input Sheet'!$D$21="Ewe",'Input Sheet'!$D$22="Mountain"),G43)))))) -> 150 | H65: =IF(AND('Input Sheet'!$D$21="Ram",'Input Sheet'!$D$22="Crossbred"),H38,IF(AND('Input Sheet'!$D$21="Ram",'Input Sheet'!$D$22="Mountain"),H39,IF(AND('Input Sheet'!$D$21="Wether",'Input Sheet'!$D$22="Crossbred"),H40,IF(AND('Input Sheet'!$D$21="Wether",'Input Sheet'!$D$22="Mountain"),H41,IF(AND('Input Sheet'!$D$21="Ewe",'Input Sheet'!$D$22="Crossbred"),H42,IF(AND('Input Sheet'!$D$21="Ewe",'Input Sheet'!$D$22="Mountain"),H43)))))) -> 150 | I65: =IF(AND('Input Sheet'!$D$21="Ram",'Input Sheet'!$D$22="Crossbred"),I38,IF(AND('Input Sheet'!$D$21="Ram",'Input Sheet'!$D$22="Mountain"),I39,IF(AND('Input Sheet'!$D$21="Wether",'Input Sheet'!$D$22="Crossbred"),I40,IF(AND('Input Sheet'!$D$21="Wether",'Input Sheet'!$D$22="Mountain"),I41,IF(AND('Input Sheet'!$D$21="Ewe",'Input Sheet'!$D$22="Crossbred"),I42,IF(AND('Input Sheet'!$D$21="Ewe",'Input Sheet'!$D$22="Mountain"),I43)))))) -> 150 | ... SY65: =IF(AND('Input Sheet'!$D$21="Ram",'Input Sheet'!$D$22="Crossbred"),SY38,IF(AND('Input Sheet'!$D$21="Ram",'Input Sheet'!$D$22="Mountain"),SY39,IF(AND('Input Sheet'!$D$21="Wether",'Input Sheet'!$D$22="Crossbred"),SY40,IF(AND('Input Sheet'!$D$21="Wether",'Input Sheet'!$D$22="Mountain"),SY41,IF(AND('Input Sheet'!$D$21="Ewe",'Input Sheet'!$D$22="Crossbred"),SY42,IF(AND('Input Sheet'!$D$21="Ewe",'Input Sheet'!$D$22="Mountain"),SY43)))))) -> 250
A66: Possible gain on grass & creep (g/d) | B66: =IF(AND('Input Sheet'!$D$21="Ram",'Input Sheet'!$D$22="Crossbred"),B44,IF(AND('Input Sheet'!$D$21="Ram",'Input Sheet'!$D$22="Mountain"),B45,IF(AND('Input Sheet'!$D$21="Wether",'Input Sheet'!$D$22="Crossbred"),B46,IF(AND('Input Sheet'!$D$21="Wether",'Input Sheet'!$D$22="Mountain"),B47,IF(AND('Input Sheet'!$D$21="Ewe",'Input Sheet'!$D$22="Crossbred"),B48,IF(AND('Input Sheet'!$D$21="Ewe",'Input Sheet'!$D$22="Mountain"),B49)))))) -> 205 | C66: =IF(AND('Input Sheet'!$D$21="Ram",'Input Sheet'!$D$22="Crossbred"),C44,IF(AND('Input Sheet'!$D$21="Ram",'Input Sheet'!$D$22="Mountain"),C45,IF(AND('Input Sheet'!$D$21="Wether",'Input Sheet'!$D$22="Crossbred"),C46,IF(AND('Input Sheet'!$D$21="Wether",'Input Sheet'!$D$22="Mountain"),C47,IF(AND('Input Sheet'!$D$21="Ewe",'Input Sheet'!$D$22="Crossbred"),C48,IF(AND('Input Sheet'!$D$21="Ewe",'Input Sheet'!$D$22="Mountain"),C49)))))) -> 205 | D66: =IF(AND('Input Sheet'!$D$21="Ram",'Input Sheet'!$D$22="Crossbred"),D44,IF(AND('Input Sheet'!$D$21="Ram",'Input Sheet'!$D$22="Mountain"),D45,IF(AND('Input Sheet'!$D$21="Wether",'Input Sheet'!$D$22="Crossbred"),D46,IF(AND('Input Sheet'!$D$21="Wether",'Input Sheet'!$D$22="Mountain"),D47,IF(AND('Input Sheet'!$D$21="Ewe",'Input Sheet'!$D$22="Crossbred"),D48,IF(AND('Input Sheet'!$D$21="Ewe",'Input Sheet'!$D$22="Mountain"),D49)))))) -> 205 | E66: =IF(AND('Input Sheet'!$D$21="Ram",'Input Sheet'!$D$22="Crossbred"),E44,IF(AND('Input Sheet'!$D$21="Ram",'Input Sheet'!$D$22="Mountain"),E45,IF(AND('Input Sheet'!$D$21="Wether",'Input Sheet'!$D$22="Crossbred"),E46,IF(AND('Input Sheet'!$D$21="Wether",'Input Sheet'!$D$22="Mountain"),E47,IF(AND('Input Sheet'!$D$21="Ewe",'Input Sheet'!$D$22="Crossbred"),E48,IF(AND('Input Sheet'!$D$21="Ewe",'Input Sheet'!$D$22="Mountain"),E49)))))) -> 205 | F66: =IF(AND('Input Sheet'!$D$21="Ram",'Input Sheet'!$D$22="Crossbred"),F44,IF(AND('Input Sheet'!$D$21="Ram",'Input Sheet'!$D$22="Mountain"),F45,IF(AND('Input Sheet'!$D$21="Wether",'Input Sheet'!$D$22="Crossbred"),F46,IF(AND('Input Sheet'!$D$21="Wether",'Input Sheet'!$D$22="Mountain"),F47,IF(AND('Input Sheet'!$D$21="Ewe",'Input Sheet'!$D$22="Crossbred"),F48,IF(AND('Input Sheet'!$D$21="Ewe",'Input Sheet'!$D$22="Mountain"),F49)))))) -> 205 | G66: =IF(AND('Input Sheet'!$D$21="Ram",'Input Sheet'!$D$22="Crossbred"),G44,IF(AND('Input Sheet'!$D$21="Ram",'Input Sheet'!$D$22="Mountain"),G45,IF(AND('Input Sheet'!$D$21="Wether",'Input Sheet'!$D$22="Crossbred"),G46,IF(AND('Input Sheet'!$D$21="Wether",'Input Sheet'!$D$22="Mountain"),G47,IF(AND('Input Sheet'!$D$21="Ewe",'Input Sheet'!$D$22="Crossbred"),G48,IF(AND('Input Sheet'!$D$21="Ewe",'Input Sheet'!$D$22="Mountain"),G49)))))) -> 205 | H66: =IF(AND('Input Sheet'!$D$21="Ram",'Input Sheet'!$D$22="Crossbred"),H44,IF(AND('Input Sheet'!$D$21="Ram",'Input Sheet'!$D$22="Mountain"),H45,IF(AND('Input Sheet'!$D$21="Wether",'Input Sheet'!$D$22="Crossbred"),H46,IF(AND('Input Sheet'!$D$21="Wether",'Input Sheet'!$D$22="Mountain"),H47,IF(AND('Input Sheet'!$D$21="Ewe",'Input Sheet'!$D$22="Crossbred"),H48,IF(AND('Input Sheet'!$D$21="Ewe",'Input Sheet'!$D$22="Mountain"),H49)))))) -> 205 | I66: =IF(AND('Input Sheet'!$D$21="Ram",'Input Sheet'!$D$22="Crossbred"),I44,IF(AND('Input Sheet'!$D$21="Ram",'Input Sheet'!$D$22="Mountain"),I45,IF(AND('Input Sheet'!$D$21="Wether",'Input Sheet'!$D$22="Crossbred"),I46,IF(AND('Input Sheet'!$D$21="Wether",'Input Sheet'!$D$22="Mountain"),I47,IF(AND('Input Sheet'!$D$21="Ewe",'Input Sheet'!$D$22="Crossbred"),I48,IF(AND('Input Sheet'!$D$21="Ewe",'Input Sheet'!$D$22="Mountain"),I49)))))) -> 205 | ... SY66: =IF(AND('Input Sheet'!$D$21="Ram",'Input Sheet'!$D$22="Crossbred"),SY44,IF(AND('Input Sheet'!$D$21="Ram",'Input Sheet'!$D$22="Mountain"),SY45,IF(AND('Input Sheet'!$D$21="Wether",'Input Sheet'!$D$22="Crossbred"),SY46,IF(AND('Input Sheet'!$D$21="Wether",'Input Sheet'!$D$22="Mountain"),SY47,IF(AND('Input Sheet'!$D$21="Ewe",'Input Sheet'!$D$22="Crossbred"),SY48,IF(AND('Input Sheet'!$D$21="Ewe",'Input Sheet'!$D$22="Mountain"),SY49)))))) -> 305
A67: Possible gain on concentrate (g/D) | B67: =IF(AND('Input Sheet'!$D$21="Ram",'Input Sheet'!$D$22="Crossbred"),B50,IF(AND('Input Sheet'!$D$21="Ram",'Input Sheet'!$D$22="Mountain"),B51,IF(AND('Input Sheet'!$D$21="Wether",'Input Sheet'!$D$22="Crossbred"),B52,IF(AND('Input Sheet'!$D$21="Wether",'Input Sheet'!$D$22="Mountain"),B53,IF(AND('Input Sheet'!$D$21="Ewe",'Input Sheet'!$D$22="Crossbred"),B54,IF(AND('Input Sheet'!$D$21="Ewe",'Input Sheet'!$D$22="Mountain"),B55)))))) -> 360 | C67: =IF(AND('Input Sheet'!$D$21="Ram",'Input Sheet'!$D$22="Crossbred"),C50,IF(AND('Input Sheet'!$D$21="Ram",'Input Sheet'!$D$22="Mountain"),C51,IF(AND('Input Sheet'!$D$21="Wether",'Input Sheet'!$D$22="Crossbred"),C52,IF(AND('Input Sheet'!$D$21="Wether",'Input Sheet'!$D$22="Mountain"),C53,IF(AND('Input Sheet'!$D$21="Ewe",'Input Sheet'!$D$22="Crossbred"),C54,IF(AND('Input Sheet'!$D$21="Ewe",'Input Sheet'!$D$22="Mountain"),C55)))))) -> 360 | D67: =IF(AND('Input Sheet'!$D$21="Ram",'Input Sheet'!$D$22="Crossbred"),D50,IF(AND('Input Sheet'!$D$21="Ram",'Input Sheet'!$D$22="Mountain"),D51,IF(AND('Input Sheet'!$D$21="Wether",'Input Sheet'!$D$22="Crossbred"),D52,IF(AND('Input Sheet'!$D$21="Wether",'Input Sheet'!$D$22="Mountain"),D53,IF(AND('Input Sheet'!$D$21="Ewe",'Input Sheet'!$D$22="Crossbred"),D54,IF(AND('Input Sheet'!$D$21="Ewe",'Input Sheet'!$D$22="Mountain"),D55)))))) -> 360 | E67: =IF(AND('Input Sheet'!$D$21="Ram",'Input Sheet'!$D$22="Crossbred"),E50,IF(AND('Input Sheet'!$D$21="Ram",'Input Sheet'!$D$22="Mountain"),E51,IF(AND('Input Sheet'!$D$21="Wether",'Input Sheet'!$D$22="Crossbred"),E52,IF(AND('Input Sheet'!$D$21="Wether",'Input Sheet'!$D$22="Mountain"),E53,IF(AND('Input Sheet'!$D$21="Ewe",'Input Sheet'!$D$22="Crossbred"),E54,IF(AND('Input Sheet'!$D$21="Ewe",'Input Sheet'!$D$22="Mountain"),E55)))))) -> 360 | F67: =IF(AND('Input Sheet'!$D$21="Ram",'Input Sheet'!$D$22="Crossbred"),F50,IF(AND('Input Sheet'!$D$21="Ram",'Input Sheet'!$D$22="Mountain"),F51,IF(AND('Input Sheet'!$D$21="Wether",'Input Sheet'!$D$22="Crossbred"),F52,IF(AND('Input Sheet'!$D$21="Wether",'Input Sheet'!$D$22="Mountain"),F53,IF(AND('Input Sheet'!$D$21="Ewe",'Input Sheet'!$D$22="Crossbred"),F54,IF(AND('Input Sheet'!$D$21="Ewe",'Input Sheet'!$D$22="Mountain"),F55)))))) -> 360 | G67: =IF(AND('Input Sheet'!$D$21="Ram",'Input Sheet'!$D$22="Crossbred"),G50,IF(AND('Input Sheet'!$D$21="Ram",'Input Sheet'!$D$22="Mountain"),G51,IF(AND('Input Sheet'!$D$21="Wether",'Input Sheet'!$D$22="Crossbred"),G52,IF(AND('Input Sheet'!$D$21="Wether",'Input Sheet'!$D$22="Mountain"),G53,IF(AND('Input Sheet'!$D$21="Ewe",'Input Sheet'!$D$22="Crossbred"),G54,IF(AND('Input Sheet'!$D$21="Ewe",'Input Sheet'!$D$22="Mountain"),G55)))))) -> 360 | H67: =IF(AND('Input Sheet'!$D$21="Ram",'Input Sheet'!$D$22="Crossbred"),H50,IF(AND('Input Sheet'!$D$21="Ram",'Input Sheet'!$D$22="Mountain"),H51,IF(AND('Input Sheet'!$D$21="Wether",'Input Sheet'!$D$22="Crossbred"),H52,IF(AND('Input Sheet'!$D$21="Wether",'Input Sheet'!$D$22="Mountain"),H53,IF(AND('Input Sheet'!$D$21="Ewe",'Input Sheet'!$D$22="Crossbred"),H54,IF(AND('Input Sheet'!$D$21="Ewe",'Input Sheet'!$D$22="Mountain"),H55)))))) -> 360 | I67: =IF(AND('Input Sheet'!$D$21="Ram",'Input Sheet'!$D$22="Crossbred"),I50,IF(AND('Input Sheet'!$D$21="Ram",'Input Sheet'!$D$22="Mountain"),I51,IF(AND('Input Sheet'!$D$21="Wether",'Input Sheet'!$D$22="Crossbred"),I52,IF(AND('Input Sheet'!$D$21="Wether",'Input Sheet'!$D$22="Mountain"),I53,IF(AND('Input Sheet'!$D$21="Ewe",'Input Sheet'!$D$22="Crossbred"),I54,IF(AND('Input Sheet'!$D$21="Ewe",'Input Sheet'!$D$22="Mountain"),I55)))))) -> 360 | ... SY67: =IF(AND('Input Sheet'!$D$21="Ram",'Input Sheet'!$D$22="Crossbred"),SY50,IF(AND('Input Sheet'!$D$21="Ram",'Input Sheet'!$D$22="Mountain"),SY51,IF(AND('Input Sheet'!$D$21="Wether",'Input Sheet'!$D$22="Crossbred"),SY52,IF(AND('Input Sheet'!$D$21="Wether",'Input Sheet'!$D$22="Mountain"),SY53,IF(AND('Input Sheet'!$D$21="Ewe",'Input Sheet'!$D$22="Crossbred"),SY54,IF(AND('Input Sheet'!$D$21="Ewe",'Input Sheet'!$D$22="Mountain"),SY55)))))) -> 360
A68: Actual gain on grass | B68: =IF(B37>=$D$32,B59*B65,0) -> 0 | C68: =IF(C37>=$D$32,C59*C65,0) -> 0 | D68: =IF(D37>=$D$32,D59*D65,0) -> 0 | E68: =IF(E37>=$D$32,E59*E65,0) -> 0 | F68: =IF(F37>=$D$32,F59*F65,0) -> 0 | G68: =IF(G37>=$D$32,G59*G65,0) -> 0 | H68: =IF(H37>=$D$32,H59*H65,0) -> 0 | I68: =IF(I37>=$D$32,I59*I65,0) -> 0 | ... SY68: =IF(SY37>=$D$32,SY59*SY65,0) -> 0
A69: Actual gain on grass and creep | B69: =IF($B$25="Not fed creep",0,IF(B37=$B$25,(B66-$B$85),IF(B37=$B$25+1,(B66-$C$85),IF(B37=$B$25+2,(B66-$D$85),IF(B37=$B$25+3,(B66-$E$85),IF(B37=$B$25+4,(B66-$F$85),IF(B37=$B$25+5,(B66-$G$85),IF(B37=$B$25+6,(B66-$H$85),IF(B37=$B$25+7,(B66-$I$85),IF(B37=$B$25+8,(B66-$J$85),IF(B37=$B$25+9,(B66-$K$85),IF(B37=$B$25+10,(B66-$L$85),IF(B37=$B$25+11,(B66-$M$85),IF(B37=$B$25+12,(B66-$N$85),IF(B37=$B$25+13,(B66-$O$85),IF(B37>=$B$25+14,(B66-$O$85),IF(B37<$B$25,0)))))))))))))))))*B60 -> 0 | C69: =IF($B$25="Not fed creep",0,IF(C37=$B$25,(C66-$B$85),IF(C37=$B$25+1,(C66-$C$85),IF(C37=$B$25+2,(C66-$D$85),IF(C37=$B$25+3,(C66-$E$85),IF(C37=$B$25+4,(C66-$F$85),IF(C37=$B$25+5,(C66-$G$85),IF(C37=$B$25+6,(C66-$H$85),IF(C37=$B$25+7,(C66-$I$85),IF(C37=$B$25+8,(C66-$J$85),IF(C37=$B$25+9,(C66-$K$85),IF(C37=$B$25+10,(C66-$L$85),IF(C37=$B$25+11,(C66-$M$85),IF(C37=$B$25+12,(C66-$N$85),IF(C37=$B$25+13,(C66-$O$85),IF(C37>=$B$25+14,(C66-$O$85),IF(C37<$B$25,0)))))))))))))))))*C60 -> 0 | D69: =IF($B$25="Not fed creep",0,IF(D37=$B$25,(D66-$B$85),IF(D37=$B$25+1,(D66-$C$85),IF(D37=$B$25+2,(D66-$D$85),IF(D37=$B$25+3,(D66-$E$85),IF(D37=$B$25+4,(D66-$F$85),IF(D37=$B$25+5,(D66-$G$85),IF(D37=$B$25+6,(D66-$H$85),IF(D37=$B$25+7,(D66-$I$85),IF(D37=$B$25+8,(D66-$J$85),IF(D37=$B$25+9,(D66-$K$85),IF(D37=$B$25+10,(D66-$L$85),IF(D37=$B$25+11,(D66-$M$85),IF(D37=$B$25+12,(D66-$N$85),IF(D37=$B$25+13,(D66-$O$85),IF(D37>=$B$25+14,(D66-$O$85),IF(D37<$B$25,0)))))))))))))))))*D60 -> 0 | E69: =IF($B$25="Not fed creep",0,IF(E37=$B$25,(E66-$B$85),IF(E37=$B$25+1,(E66-$C$85),IF(E37=$B$25+2,(E66-$D$85),IF(E37=$B$25+3,(E66-$E$85),IF(E37=$B$25+4,(E66-$F$85),IF(E37=$B$25+5,(E66-$G$85),IF(E37=$B$25+6,(E66-$H$85),IF(E37=$B$25+7,(E66-$I$85),IF(E37=$B$25+8,(E66-$J$85),IF(E37=$B$25+9,(E66-$K$85),IF(E37=$B$25+10,(E66-$L$85),IF(E37=$B$25+11,(E66-$M$85),IF(E37=$B$25+12,(E66-$N$85),IF(E37=$B$25+13,(E66-$O$85),IF(E37>=$B$25+14,(E66-$O$85),IF(E37<$B$25,0)))))))))))))))))*E60 -> 0 | F69: =IF($B$25="Not fed creep",0,IF(F37=$B$25,(F66-$B$85),IF(F37=$B$25+1,(F66-$C$85),IF(F37=$B$25+2,(F66-$D$85),IF(F37=$B$25+3,(F66-$E$85),IF(F37=$B$25+4,(F66-$F$85),IF(F37=$B$25+5,(F66-$G$85),IF(F37=$B$25+6,(F66-$H$85),IF(F37=$B$25+7,(F66-$I$85),IF(F37=$B$25+8,(F66-$J$85),IF(F37=$B$25+9,(F66-$K$85),IF(F37=$B$25+10,(F66-$L$85),IF(F37=$B$25+11,(F66-$M$85),IF(F37=$B$25+12,(F66-$N$85),IF(F37=$B$25+13,(F66-$O$85),IF(F37>=$B$25+14,(F66-$O$85),IF(F37<$B$25,0)))))))))))))))))*F60 -> 0 | G69: =IF($B$25="Not fed creep",0,IF(G37=$B$25,(G66-$B$85),IF(G37=$B$25+1,(G66-$C$85),IF(G37=$B$25+2,(G66-$D$85),IF(G37=$B$25+3,(G66-$E$85),IF(G37=$B$25+4,(G66-$F$85),IF(G37=$B$25+5,(G66-$G$85),IF(G37=$B$25+6,(G66-$H$85),IF(G37=$B$25+7,(G66-$I$85),IF(G37=$B$25+8,(G66-$J$85),IF(G37=$B$25+9,(G66-$K$85),IF(G37=$B$25+10,(G66-$L$85),IF(G37=$B$25+11,(G66-$M$85),IF(G37=$B$25+12,(G66-$N$85),IF(G37=$B$25+13,(G66-$O$85),IF(G37>=$B$25+14,(G66-$O$85),IF(G37<$B$25,0)))))))))))))))))*G60 -> 0 | H69: =IF($B$25="Not fed creep",0,IF(H37=$B$25,(H66-$B$85),IF(H37=$B$25+1,(H66-$C$85),IF(H37=$B$25+2,(H66-$D$85),IF(H37=$B$25+3,(H66-$E$85),IF(H37=$B$25+4,(H66-$F$85),IF(H37=$B$25+5,(H66-$G$85),IF(H37=$B$25+6,(H66-$H$85),IF(H37=$B$25+7,(H66-$I$85),IF(H37=$B$25+8,(H66-$J$85),IF(H37=$B$25+9,(H66-$K$85),IF(H37=$B$25+10,(H66-$L$85),IF(H37=$B$25+11,(H66-$M$85),IF(H37=$B$25+12,(H66-$N$85),IF(H37=$B$25+13,(H66-$O$85),IF(H37>=$B$25+14,(H66-$O$85),IF(H37<$B$25,0)))))))))))))))))*H60 -> 0 | I69: =IF($B$25="Not fed creep",0,IF(I37=$B$25,(I66-$B$85),IF(I37=$B$25+1,(I66-$C$85),IF(I37=$B$25+2,(I66-$D$85),IF(I37=$B$25+3,(I66-$E$85),IF(I37=$B$25+4,(I66-$F$85),IF(I37=$B$25+5,(I66-$G$85),IF(I37=$B$25+6,(I66-$H$85),IF(I37=$B$25+7,(I66-$I$85),IF(I37=$B$25+8,(I66-$J$85),IF(I37=$B$25+9,(I66-$K$85),IF(I37=$B$25+10,(I66-$L$85),IF(I37=$B$25+11,(I66-$M$85),IF(I37=$B$25+12,(I66-$N$85),IF(I37=$B$25+13,(I66-$O$85),IF(I37>=$B$25+14,(I66-$O$85),IF(I37<$B$25,0)))))))))))))))))*I60 -> 0 | ... SY69: =IF($B$25="Not fed creep",0,IF(SY37=$B$25,(SY66-$B$85),IF(SY37=$B$25+1,(SY66-$C$85),IF(SY37=$B$25+2,(SY66-$D$85),IF(SY37=$B$25+3,(SY66-$E$85),IF(SY37=$B$25+4,(SY66-$F$85),IF(SY37=$B$25+5,(SY66-$G$85),IF(SY37=$B$25+6,(SY66-$H$85),IF(SY37=$B$25+7,(SY66-$I$85),IF(SY37=$B$25+8,(SY66-$J$85),IF(SY37=$B$25+9,(SY66-$K$85),IF(SY37=$B$25+10,(SY66-$L$85),IF(SY37=$B$25+11,(SY66-$M$85),IF(SY37=$B$25+12,(SY66-$N$85),IF(SY37=$B$25+13,(SY66-$O$85),IF(SY37>=$B$25+14,(SY66-$O$85),IF(SY37<$B$25,0)))))))))))))))))*SY60 -> 0
A70: Actual gain on concentrate | B70: =IF(B37=$B$27,($B$87*B67),IF(B37=$B$27+1,($C$87*B67),IF(B37=$B$27+2,($D$87*B67),IF(B37=$B$27+3,($E$87*B67),IF(B37=$B$27+4,($F$87*B67),IF(B37=$B$27+5,($G$87*B67),IF(B37=$B$27+6,($H$87*B67),IF(B37=$B$27+7,($I$87*B67),IF(B37=$B$27+8,($J$87*B67),IF(B37=$B$27+9,($K$87*B67),IF(B37=$B$27+10,($L$87*B67),IF(B37=$B$27+11,($M$87*B67),IF(B37=$B$27+12,($N$87*B67),IF(B37=$B$27+13,($O$87*B67),IF(B37>=$B$27+14,($O$87*B67),IF(B37<$B$27,0))))))))))))))))*B61 -> 0 | C70: =IF(C37=$B$27,($B$87*C67),IF(C37=$B$27+1,($C$87*C67),IF(C37=$B$27+2,($D$87*C67),IF(C37=$B$27+3,($E$87*C67),IF(C37=$B$27+4,($F$87*C67),IF(C37=$B$27+5,($G$87*C67),IF(C37=$B$27+6,($H$87*C67),IF(C37=$B$27+7,($I$87*C67),IF(C37=$B$27+8,($J$87*C67),IF(C37=$B$27+9,($K$87*C67),IF(C37=$B$27+10,($L$87*C67),IF(C37=$B$27+11,($M$87*C67),IF(C37=$B$27+12,($N$87*C67),IF(C37=$B$27+13,($O$87*C67),IF(C37>=$B$27+14,($O$87*C67),IF(C37<$B$27,0))))))))))))))))*C61 -> 0 | D70: =IF(D37=$B$27,($B$87*D67),IF(D37=$B$27+1,($C$87*D67),IF(D37=$B$27+2,($D$87*D67),IF(D37=$B$27+3,($E$87*D67),IF(D37=$B$27+4,($F$87*D67),IF(D37=$B$27+5,($G$87*D67),IF(D37=$B$27+6,($H$87*D67),IF(D37=$B$27+7,($I$87*D67),IF(D37=$B$27+8,($J$87*D67),IF(D37=$B$27+9,($K$87*D67),IF(D37=$B$27+10,($L$87*D67),IF(D37=$B$27+11,($M$87*D67),IF(D37=$B$27+12,($N$87*D67),IF(D37=$B$27+13,($O$87*D67),IF(D37>=$B$27+14,($O$87*D67),IF(D37<$B$27,0))))))))))))))))*D61 -> 0 | E70: =IF(E37=$B$27,($B$87*E67),IF(E37=$B$27+1,($C$87*E67),IF(E37=$B$27+2,($D$87*E67),IF(E37=$B$27+3,($E$87*E67),IF(E37=$B$27+4,($F$87*E67),IF(E37=$B$27+5,($G$87*E67),IF(E37=$B$27+6,($H$87*E67),IF(E37=$B$27+7,($I$87*E67),IF(E37=$B$27+8,($J$87*E67),IF(E37=$B$27+9,($K$87*E67),IF(E37=$B$27+10,($L$87*E67),IF(E37=$B$27+11,($M$87*E67),IF(E37=$B$27+12,($N$87*E67),IF(E37=$B$27+13,($O$87*E67),IF(E37>=$B$27+14,($O$87*E67),IF(E37<$B$27,0))))))))))))))))*E61 -> 0 | F70: =IF(F37=$B$27,($B$87*F67),IF(F37=$B$27+1,($C$87*F67),IF(F37=$B$27+2,($D$87*F67),IF(F37=$B$27+3,($E$87*F67),IF(F37=$B$27+4,($F$87*F67),IF(F37=$B$27+5,($G$87*F67),IF(F37=$B$27+6,($H$87*F67),IF(F37=$B$27+7,($I$87*F67),IF(F37=$B$27+8,($J$87*F67),IF(F37=$B$27+9,($K$87*F67),IF(F37=$B$27+10,($L$87*F67),IF(F37=$B$27+11,($M$87*F67),IF(F37=$B$27+12,($N$87*F67),IF(F37=$B$27+13,($O$87*F67),IF(F37>=$B$27+14,($O$87*F67),IF(F37<$B$27,0))))))))))))))))*F61 -> 0 | G70: =IF(G37=$B$27,($B$87*G67),IF(G37=$B$27+1,($C$87*G67),IF(G37=$B$27+2,($D$87*G67),IF(G37=$B$27+3,($E$87*G67),IF(G37=$B$27+4,($F$87*G67),IF(G37=$B$27+5,($G$87*G67),IF(G37=$B$27+6,($H$87*G67),IF(G37=$B$27+7,($I$87*G67),IF(G37=$B$27+8,($J$87*G67),IF(G37=$B$27+9,($K$87*G67),IF(G37=$B$27+10,($L$87*G67),IF(G37=$B$27+11,($M$87*G67),IF(G37=$B$27+12,($N$87*G67),IF(G37=$B$27+13,($O$87*G67),IF(G37>=$B$27+14,($O$87*G67),IF(G37<$B$27,0))))))))))))))))*G61 -> 0 | H70: =IF(H37=$B$27,($B$87*H67),IF(H37=$B$27+1,($C$87*H67),IF(H37=$B$27+2,($D$87*H67),IF(H37=$B$27+3,($E$87*H67),IF(H37=$B$27+4,($F$87*H67),IF(H37=$B$27+5,($G$87*H67),IF(H37=$B$27+6,($H$87*H67),IF(H37=$B$27+7,($I$87*H67),IF(H37=$B$27+8,($J$87*H67),IF(H37=$B$27+9,($K$87*H67),IF(H37=$B$27+10,($L$87*H67),IF(H37=$B$27+11,($M$87*H67),IF(H37=$B$27+12,($N$87*H67),IF(H37=$B$27+13,($O$87*H67),IF(H37>=$B$27+14,($O$87*H67),IF(H37<$B$27,0))))))))))))))))*H61 -> 0 | I70: =IF(I37=$B$27,($B$87*I67),IF(I37=$B$27+1,($C$87*I67),IF(I37=$B$27+2,($D$87*I67),IF(I37=$B$27+3,($E$87*I67),IF(I37=$B$27+4,($F$87*I67),IF(I37=$B$27+5,($G$87*I67),IF(I37=$B$27+6,($H$87*I67),IF(I37=$B$27+7,($I$87*I67),IF(I37=$B$27+8,($J$87*I67),IF(I37=$B$27+9,($K$87*I67),IF(I37=$B$27+10,($L$87*I67),IF(I37=$B$27+11,($M$87*I67),IF(I37=$B$27+12,($N$87*I67),IF(I37=$B$27+13,($O$87*I67),IF(I37>=$B$27+14,($O$87*I67),IF(I37<$B$27,0))))))))))))))))*I61 -> 0 | ... SY70: =IF(SY37=$B$27,($B$87*SY67),IF(SY37=$B$27+1,($C$87*SY67),IF(SY37=$B$27+2,($D$87*SY67),IF(SY37=$B$27+3,($E$87*SY67),IF(SY37=$B$27+4,($F$87*SY67),IF(SY37=$B$27+5,($G$87*SY67),IF(SY37=$B$27+6,($H$87*SY67),IF(SY37=$B$27+7,($I$87*SY67),IF(SY37=$B$27+8,($J$87*SY67),IF(SY37=$B$27+9,($K$87*SY67),IF(SY37=$B$27+10,($L$87*SY67),IF(SY37=$B$27+11,($M$87*SY67),IF(SY37=$B$27+12,($N$87*SY67),IF(SY37=$B$27+13,($O$87*SY67),IF(SY37>=$B$27+14,($O$87*SY67),IF(SY37<$B$27,0))))))))))))))))*SY61 -> 0
A71: Lamb conc. Required (Creep,Grams) | B71: =IF($B$24="NO",0,IF(B37=$B$25,$B$84,IF(B37=$B$25+1,$C$84,IF(B37=$B$25+2,$D$84,IF(B37=$B$25+3,$E$84,IF(B37=$B$25+4,$F$84,IF(B37=$B$25+5,$G$84,IF(B37=$B$25+6,$H$84,IF(B37=$B$25+7,$I$84,IF(B37=$B$25+8,$J$84,IF(B37=$B$25+9,$K$84,IF(B37=$B$25+10,$L$84,IF(B37=$B$25+11,$M$84,IF(B37=$B$25+12,$N$84,IF(B37=$B$25+13,$O$84,IF(B37>=$B$25+14,$O$84,IF(B37<$B$25,0))))))))))))))))*B60) -> 0 | C71: =IF($B$24="NO",0,IF(C37=$B$25,$B$84,IF(C37=$B$25+1,$C$84,IF(C37=$B$25+2,$D$84,IF(C37=$B$25+3,$E$84,IF(C37=$B$25+4,$F$84,IF(C37=$B$25+5,$G$84,IF(C37=$B$25+6,$H$84,IF(C37=$B$25+7,$I$84,IF(C37=$B$25+8,$J$84,IF(C37=$B$25+9,$K$84,IF(C37=$B$25+10,$L$84,IF(C37=$B$25+11,$M$84,IF(C37=$B$25+12,$N$84,IF(C37=$B$25+13,$O$84,IF(C37>=$B$25+14,$O$84,IF(C37<$B$25,0))))))))))))))))*C60) -> 0 | D71: =IF($B$24="NO",0,IF(D37=$B$25,$B$84,IF(D37=$B$25+1,$C$84,IF(D37=$B$25+2,$D$84,IF(D37=$B$25+3,$E$84,IF(D37=$B$25+4,$F$84,IF(D37=$B$25+5,$G$84,IF(D37=$B$25+6,$H$84,IF(D37=$B$25+7,$I$84,IF(D37=$B$25+8,$J$84,IF(D37=$B$25+9,$K$84,IF(D37=$B$25+10,$L$84,IF(D37=$B$25+11,$M$84,IF(D37=$B$25+12,$N$84,IF(D37=$B$25+13,$O$84,IF(D37>=$B$25+14,$O$84,IF(D37<$B$25,0))))))))))))))))*D60) -> 0 | E71: =IF($B$24="NO",0,IF(E37=$B$25,$B$84,IF(E37=$B$25+1,$C$84,IF(E37=$B$25+2,$D$84,IF(E37=$B$25+3,$E$84,IF(E37=$B$25+4,$F$84,IF(E37=$B$25+5,$G$84,IF(E37=$B$25+6,$H$84,IF(E37=$B$25+7,$I$84,IF(E37=$B$25+8,$J$84,IF(E37=$B$25+9,$K$84,IF(E37=$B$25+10,$L$84,IF(E37=$B$25+11,$M$84,IF(E37=$B$25+12,$N$84,IF(E37=$B$25+13,$O$84,IF(E37>=$B$25+14,$O$84,IF(E37<$B$25,0))))))))))))))))*E60) -> 0 | F71: =IF($B$24="NO",0,IF(F37=$B$25,$B$84,IF(F37=$B$25+1,$C$84,IF(F37=$B$25+2,$D$84,IF(F37=$B$25+3,$E$84,IF(F37=$B$25+4,$F$84,IF(F37=$B$25+5,$G$84,IF(F37=$B$25+6,$H$84,IF(F37=$B$25+7,$I$84,IF(F37=$B$25+8,$J$84,IF(F37=$B$25+9,$K$84,IF(F37=$B$25+10,$L$84,IF(F37=$B$25+11,$M$84,IF(F37=$B$25+12,$N$84,IF(F37=$B$25+13,$O$84,IF(F37>=$B$25+14,$O$84,IF(F37<$B$25,0))))))))))))))))*F60) -> 0 | G71: =IF($B$24="NO",0,IF(G37=$B$25,$B$84,IF(G37=$B$25+1,$C$84,IF(G37=$B$25+2,$D$84,IF(G37=$B$25+3,$E$84,IF(G37=$B$25+4,$F$84,IF(G37=$B$25+5,$G$84,IF(G37=$B$25+6,$H$84,IF(G37=$B$25+7,$I$84,IF(G37=$B$25+8,$J$84,IF(G37=$B$25+9,$K$84,IF(G37=$B$25+10,$L$84,IF(G37=$B$25+11,$M$84,IF(G37=$B$25+12,$N$84,IF(G37=$B$25+13,$O$84,IF(G37>=$B$25+14,$O$84,IF(G37<$B$25,0))))))))))))))))*G60) -> 0 | H71: =IF($B$24="NO",0,IF(H37=$B$25,$B$84,IF(H37=$B$25+1,$C$84,IF(H37=$B$25+2,$D$84,IF(H37=$B$25+3,$E$84,IF(H37=$B$25+4,$F$84,IF(H37=$B$25+5,$G$84,IF(H37=$B$25+6,$H$84,IF(H37=$B$25+7,$I$84,IF(H37=$B$25+8,$J$84,IF(H37=$B$25+9,$K$84,IF(H37=$B$25+10,$L$84,IF(H37=$B$25+11,$M$84,IF(H37=$B$25+12,$N$84,IF(H37=$B$25+13,$O$84,IF(H37>=$B$25+14,$O$84,IF(H37<$B$25,0))))))))))))))))*H60) -> 0 | I71: =IF($B$24="NO",0,IF(I37=$B$25,$B$84,IF(I37=$B$25+1,$C$84,IF(I37=$B$25+2,$D$84,IF(I37=$B$25+3,$E$84,IF(I37=$B$25+4,$F$84,IF(I37=$B$25+5,$G$84,IF(I37=$B$25+6,$H$84,IF(I37=$B$25+7,$I$84,IF(I37=$B$25+8,$J$84,IF(I37=$B$25+9,$K$84,IF(I37=$B$25+10,$L$84,IF(I37=$B$25+11,$M$84,IF(I37=$B$25+12,$N$84,IF(I37=$B$25+13,$O$84,IF(I37>=$B$25+14,$O$84,IF(I37<$B$25,0))))))))))))))))*I60) -> 0 | ... SY71: =IF($B$24="NO",0,IF(SY37=$B$25,$B$84,IF(SY37=$B$25+1,$C$84,IF(SY37=$B$25+2,$D$84,IF(SY37=$B$25+3,$E$84,IF(SY37=$B$25+4,$F$84,IF(SY37=$B$25+5,$G$84,IF(SY37=$B$25+6,$H$84,IF(SY37=$B$25+7,$I$84,IF(SY37=$B$25+8,$J$84,IF(SY37=$B$25+9,$K$84,IF(SY37=$B$25+10,$L$84,IF(SY37=$B$25+11,$M$84,IF(SY37=$B$25+12,$N$84,IF(SY37=$B$25+13,$O$84,IF(SY37>=$B$25+14,$O$84,IF(SY37<$B$25,0))))))))))))))))*SY60) -> 0
A72: Lamb conc. Required (Conc. Only, Grams) | B72: =IF(B37=$B$27,$B$86,IF(B37=$B$27+1,$C$86,IF(B37=$B$27+2,$D$86,IF(B37=$B$27+3,$E$86,IF(B37=$B$27+4,$F$86,IF(B37=$B$27+5,$G$86,IF(B37=$B$27+6,$H$86,IF(B37=$B$27+7,$I$86,IF(B37=$B$27+8,$J$86,IF(B37=$B$27+9,$K$86,IF(B37=$B$27+10,$L$86,IF(B37=$B$27+11,$M$86,IF(B37=$B$27+12,$N$86,IF(B37=$B$27+13,$O$86,IF(B37>=$B$27+14,$O$86,IF(B37<$B$27,0))))))))))))))))*B61 -> 0 | C72: =IF(C37=$B$27,$B$86,IF(C37=$B$27+1,$C$86,IF(C37=$B$27+2,$D$86,IF(C37=$B$27+3,$E$86,IF(C37=$B$27+4,$F$86,IF(C37=$B$27+5,$G$86,IF(C37=$B$27+6,$H$86,IF(C37=$B$27+7,$I$86,IF(C37=$B$27+8,$J$86,IF(C37=$B$27+9,$K$86,IF(C37=$B$27+10,$L$86,IF(C37=$B$27+11,$M$86,IF(C37=$B$27+12,$N$86,IF(C37=$B$27+13,$O$86,IF(C37>=$B$27+14,$O$86,IF(C37<$B$27,0))))))))))))))))*C61 -> 0 | D72: =IF(D37=$B$27,$B$86,IF(D37=$B$27+1,$C$86,IF(D37=$B$27+2,$D$86,IF(D37=$B$27+3,$E$86,IF(D37=$B$27+4,$F$86,IF(D37=$B$27+5,$G$86,IF(D37=$B$27+6,$H$86,IF(D37=$B$27+7,$I$86,IF(D37=$B$27+8,$J$86,IF(D37=$B$27+9,$K$86,IF(D37=$B$27+10,$L$86,IF(D37=$B$27+11,$M$86,IF(D37=$B$27+12,$N$86,IF(D37=$B$27+13,$O$86,IF(D37>=$B$27+14,$O$86,IF(D37<$B$27,0))))))))))))))))*D61 -> 0 | E72: =IF(E37=$B$27,$B$86,IF(E37=$B$27+1,$C$86,IF(E37=$B$27+2,$D$86,IF(E37=$B$27+3,$E$86,IF(E37=$B$27+4,$F$86,IF(E37=$B$27+5,$G$86,IF(E37=$B$27+6,$H$86,IF(E37=$B$27+7,$I$86,IF(E37=$B$27+8,$J$86,IF(E37=$B$27+9,$K$86,IF(E37=$B$27+10,$L$86,IF(E37=$B$27+11,$M$86,IF(E37=$B$27+12,$N$86,IF(E37=$B$27+13,$O$86,IF(E37>=$B$27+14,$O$86,IF(E37<$B$27,0))))))))))))))))*E61 -> 0 | F72: =IF(F37=$B$27,$B$86,IF(F37=$B$27+1,$C$86,IF(F37=$B$27+2,$D$86,IF(F37=$B$27+3,$E$86,IF(F37=$B$27+4,$F$86,IF(F37=$B$27+5,$G$86,IF(F37=$B$27+6,$H$86,IF(F37=$B$27+7,$I$86,IF(F37=$B$27+8,$J$86,IF(F37=$B$27+9,$K$86,IF(F37=$B$27+10,$L$86,IF(F37=$B$27+11,$M$86,IF(F37=$B$27+12,$N$86,IF(F37=$B$27+13,$O$86,IF(F37>=$B$27+14,$O$86,IF(F37<$B$27,0))))))))))))))))*F61 -> 0 | G72: =IF(G37=$B$27,$B$86,IF(G37=$B$27+1,$C$86,IF(G37=$B$27+2,$D$86,IF(G37=$B$27+3,$E$86,IF(G37=$B$27+4,$F$86,IF(G37=$B$27+5,$G$86,IF(G37=$B$27+6,$H$86,IF(G37=$B$27+7,$I$86,IF(G37=$B$27+8,$J$86,IF(G37=$B$27+9,$K$86,IF(G37=$B$27+10,$L$86,IF(G37=$B$27+11,$M$86,IF(G37=$B$27+12,$N$86,IF(G37=$B$27+13,$O$86,IF(G37>=$B$27+14,$O$86,IF(G37<$B$27,0))))))))))))))))*G61 -> 0 | H72: =IF(H37=$B$27,$B$86,IF(H37=$B$27+1,$C$86,IF(H37=$B$27+2,$D$86,IF(H37=$B$27+3,$E$86,IF(H37=$B$27+4,$F$86,IF(H37=$B$27+5,$G$86,IF(H37=$B$27+6,$H$86,IF(H37=$B$27+7,$I$86,IF(H37=$B$27+8,$J$86,IF(H37=$B$27+9,$K$86,IF(H37=$B$27+10,$L$86,IF(H37=$B$27+11,$M$86,IF(H37=$B$27+12,$N$86,IF(H37=$B$27+13,$O$86,IF(H37>=$B$27+14,$O$86,IF(H37<$B$27,0))))))))))))))))*H61 -> 0 | I72: =IF(I37=$B$27,$B$86,IF(I37=$B$27+1,$C$86,IF(I37=$B$27+2,$D$86,IF(I37=$B$27+3,$E$86,IF(I37=$B$27+4,$F$86,IF(I37=$B$27+5,$G$86,IF(I37=$B$27+6,$H$86,IF(I37=$B$27+7,$I$86,IF(I37=$B$27+8,$J$86,IF(I37=$B$27+9,$K$86,IF(I37=$B$27+10,$L$86,IF(I37=$B$27+11,$M$86,IF(I37=$B$27+12,$N$86,IF(I37=$B$27+13,$O$86,IF(I37>=$B$27+14,$O$86,IF(I37<$B$27,0))))))))))))))))*I61 -> 0 | ... SY72: =IF(SY37=$B$27,$B$86,IF(SY37=$B$27+1,$C$86,IF(SY37=$B$27+2,$D$86,IF(SY37=$B$27+3,$E$86,IF(SY37=$B$27+4,$F$86,IF(SY37=$B$27+5,$G$86,IF(SY37=$B$27+6,$H$86,IF(SY37=$B$27+7,$I$86,IF(SY37=$B$27+8,$J$86,IF(SY37=$B$27+9,$K$86,IF(SY37=$B$27+10,$L$86,IF(SY37=$B$27+11,$M$86,IF(SY37=$B$27+12,$N$86,IF(SY37=$B$27+13,$O$86,IF(SY37>=$B$27+14,$O$86,IF(SY37<$B$27,0))))))))))))))))*SY61 -> 0
A73: Lamb ready to draft | B73: =IF(B64>$B$75,"YES","NO") -> NO | C73: =IF(C64>$B$75,"YES","NO") -> NO | D73: =IF(D64>$B$75,"YES","NO") -> NO | E73: =IF(E64>$B$75,"YES","NO") -> NO | F73: =IF(F64>$B$75,"YES","NO") -> NO | G73: =IF(G64>$B$75,"YES","NO") -> NO | H73: =IF(H64>$B$75,"YES","NO") -> NO | I73: =IF(I64>$B$75,"YES","NO") -> NO | ... SY73: =IF(SY64>$B$75,"YES","NO") -> YES
A75: Draft weight Target | B75: =B4 -> 47.777778
A76: Draft weight actual | B76: =KS64 -> 47.835
A77: Draft day | B77: =B23+B31 -> 46371 | D77: January | E77: February | F77: March | G77: April | H77: May | I77: June | J77: July | K77: August | L77: September | M77: October | N77: November | O77: December
A78: Total gain on grass (KG) | B78: =SUM(B68:KS68)/1000 -> 6.55 | D78: =EY62 -> 7.668216 | E78: =GD62 -> 7.67005 | F78: =HF62 -> 8.196408 | G78: =IK62 -> 8.93944 | H78: =JO62 -> 9.02066 | I78: =KT62 -> 8.793375 | J78: =LX62 -> 7.7517067 | K78: =B62 -> 7.3835093 | L78: =AH62 -> 7.2582733 | M78: =BK62 -> 7.3194067 | N78: =CP62 -> 7.5190507 | O78: =DT62 -> 7.78664
A79: Total gain on grass and Creep (KG) | B79: =SUM(B69:KS69)/1000 -> 2.285
A80: Total gain on concentrate (KG) | B80: =SUM(B70:KS70)/1000 -> 9
A81: Total gain KG | B81: =SUM(B78:B80) -> 17.835
B83: Day 1 | C83: Day 2 | D83: Day 3 | E83: Day 4 | F83: Day 5 | G83: Day 6 | H83: Day 7 | I83: Day 8 | J83: Day 9 | K83: Day 10 | L83: Day 11 | M83: Day 12 | N83: Day 13 | O83: Day 14
A84: Concentrate feeding on creep (g/day) | B84: 200 | C84: 200 | D84: 200 | E84: 200 | F84: 300 | G84: 300 | H84: 300 | I84: 400 | J84: 400 | K84: 400 | L84: 500 | M84: 500 | N84: 500 | O84: 500
A85: Growth on creep (build up) | B85: 55 | C85: 55 | D85: 55 | E85: 55 | F85: 55 | G85: 55 | H85: 55 | I85: 55 | J85: 55 | K85: 55 | L85: 55 | M85: 55 | N85: 0 | O85: 0
A86: Concentrate feeding on ad lib (g/day) | B86: =IF(B24="YES",600,200) -> 600 | C86: =IF(B24="Yes",700,200) -> 700 | D86: =IF(B24="YES",800,400) -> 800 | E86: =IF(B24="YES",900,400) -> 900 | F86: =IF(B24="YES",1000,600) -> 1000 | G86: =IF(B24="YES",1100,600) -> 1100 | H86: =IF(B24="YES",1200,800) -> 1200 | I86: =IF(B24="YES",1200,800) -> 1200 | J86: =IF(B24="YES",1200,1000) -> 1200 | K86: =IF(B24="YES",1200,1000) -> 1200 | L86: =IF(B24="YES",1200,1200) -> 1200 | M86: 1200 | N86: 1200 | O86: 1200
A87: Growth on all conc. Build up | B87: =IF($B$24="YES",1,0) -> 1 | C87: =IF($B$24="YES",1,0) -> 1 | D87: =IF($B$24="YES",1,0) -> 1 | E87: =IF($B$24="YES",1,0) -> 1 | F87: =IF($B$24="YES",1,0) -> 1 | G87: =IF($B$24="YES",1,0) -> 1 | H87: =IF($B$24="YES",1,0) -> 1 | I87: =IF($B$24="YES",1,0) -> 1 | ... M87: =IF($B$24="YES",1,0) -> 1 | N87: 1 | O87: 1
A88: Days receiving creep | B88: =B33 -> 19
A89: Concentrate fed by creep (KG) | B89: =SUM(B71:KS71)/1000 -> 7.4 | Q89: 0 | R89: 0
A90: Days receiving conc. Indoors | B90: =B34 -> 25
A91: Concentrate fed in shed (KG) | B91: =SUM(B72:KS72)/1000 -> 27.9
A92: Total concentrate fed (KG) | B92: =SUM(B89+B91) -> 35.3
B94: Ram Crossbred | C94: Ram Mountain | D94: Weather Cross | E94: Weather Mountain | F94: Ewe Cross | G94: Ewe Mountain
A95: F.C.E | B95: 4.73 | C95: 6.3 | D95: 5.5 | E95: 7.08 | F95: =D95 -> 5.5 | G95: =E95 -> 7.08
A96: Kill out % | B96: =IF('Input Sheet'!$D$14+'Input Sheet'!$D$13=0,40,45) -> 45 | C96: =IF('Input Sheet'!$D$14+'Input Sheet'!$D$13=0,39,44) -> 44 | D96: =IF('Input Sheet'!$D$14+'Input Sheet'!$D$13=0,41,46) -> 46 | E96: =IF('Input Sheet'!$D$14+'Input Sheet'!$D$13=0,40,45) -> 45 | F96: =IF('Input Sheet'!$D$14+'Input Sheet'!$D$13=0,41,46) -> 46 | G96: =IF('Input Sheet'!$D$14+'Input Sheet'!$D$13=0,40,45) -> 45
A99: Breed | B99: Mountain | C99: Crossbred
A100: Sex | B100: Ram | C100: Wether | D100: Ewe
A101: Grass quality | B101: Good | C101: Average | D101: Poor
A102: Veterinary costs | B102: 2.25 | C102: 4.2 | D102: 7.35
A104: ON | B104: OFF
A107: average monthly price | D107: 2022 | E107: 2023 | F107: 2024 | G107: 2025 | H107: 2026
A108: =AVERAGE(E108:H108)*1.048 -> 7.668216 | B108: 1 | D108: 6.85 | E108: 6.23 | F108: 6.66 | G108: 8.818 | H108: 7.56
A109: =AVERAGE(E109:H109)*1.048 -> 7.67005 | B109: 2 | D109: 6.75 | E109: 6.06 | F109: 7.02 | G109: 8.745 | H109: 7.45
A110: =AVERAGE(E110:H110)*1.048 -> 8.196408 | B110: 3 | D110: 6.92 | E110: 6.33 | F110: 8.14 | G110: 8.678 | H110: 8.136
A111: =AVERAGE(E111:H111)*1.048 -> 8.93944 | B111: 4 | D111: 7.3 | E111: 7.06 | F111: 9.02 | G111: 8.92 | H111: 9.12
A112: =AVERAGE(E112:H112)*1.048 -> 9.02066 | B112: 5 | D112: 7.55 | E112: 7.47 | F112: 9.18 | G112: 8.53 | H112: 9.25
...
